Workbook
Name f_locaux: OFFSET(p_locaux,0,0,COUNTA(l_locaux),1)
Name l_locaux: BDD!$D:$D
Name p_locaux: BDD!$D$5

Sheet LISTING EQUIPEMENTS
L1: Affaire : | W1: Phase : Date : AFFAIRE N°: | AA1: Remise estimée à : | AB1: 0.15 | AD1: Main d'œuvre Froid 30% base 7%
F2: BASE | H2: DIMENSIONS | I2: ELECTRICITE | O2: GAZ | R2: CANALISATIONS | Z2: Extraction
C3: REP, | D3: DESIGNATION | E3: NOTA | F3: OPTION | G3: Qté. | I3: Mono + T | L3: Tri + T+ N | R3: Eau Froide | U3: Eau Chaude | X3: Eau usée | Z3: Indicative | AA3: PRIX PUBLIC HT | AB3: PRIX VENDU HT | AC3: PRIX REMISÉ HT | AD3: Main d'œuvre | AE3: Prix
F4: RECUPÉRÉ | H4: INDICATIVES | I4: Unit. KW | J4: Tot. KW | K4: Type | L4: Unit. KW | M4: Tot. KW | N4: Type | O4: Unit. KW | P4: Tot. KW | Q4: Type | R4: Brut. Diam. | S4: Adou. Diam. | T4: Type | U4: Brut Diam. | V4: Adou. Diam. | W4: Type | X4: Diam. | Y4: Type | Z4: à prévoir en m3 | AA4: UNITAIRE | AB4: UNITAIRE | AC4: TOTAL | AD4: % | AE4: main d'œuvre
D5: LOCAL DECHETS | E5: 1 | F5: 2 | G5: 3 | H5: 4 | I5: 5 | J5: 6 | K5: 7 | L5: 8 | M5: 9 | N5: 10 | O5: 11 | P5: 12 | Q5: 13 | R5: 14 | S5: 15 | T5: 16 | U5: 17 | V5: 18 | W5: 19 | X5: 20 | Y5: 21 | Z5: 22 | AA5: 23 | AB5: =AA5*(1-$AB$1) -> 19.55 | AC5: =AB5*G5 -> 58.65 | AD5: 0.07 | AE5: =AD5*AC5 -> 4.1055
D7: BUREAU | E7: 24 | F7: 25 | G7: 26 | H7: 27 | I7: 28 | J7: 29 | K7: 30 | L7: 31 | M7: 32 | N7: 33 | O7: 34 | P7: 35 | Q7: 36 | R7: 37 | S7: 38 | T7: 39 | U7: 40 | V7: 41 | W7: 42 | X7: 43 | Y7: 44 | Z7: 45 | AA7: 46 | AB7: =AA7*(1-$AB$1) -> 39.1 | AC7: =AB7*G7 -> 1016.6 | AD7: 0.07 | AE7: =AD7*AC7 -> 71.162
E8: =IF(ISERROR(VLOOKUP($D8,BDD!$D$28:$AD$50,1,FALSE)),"",(VLOOKUP($D8,BDD!$D$28:$AD$50,2,FALSE))) | H8: =IF(ISERROR(VLOOKUP($D8,BDD!$D$5:$AD$50,3,FALSE)),"",(VLOOKUP($D8,BDD!$D$5:$AD$50,4,FALSE))) | I8: =IF(ISERROR(VLOOKUP($D8,BDD!$D$28:$AD$50,5,FALSE)),"",(VLOOKUP($D8,BDD!$D$28:$AD$50,5,FALSE))) | J8: =IF(ISERROR(VLOOKUP($D8,BDD!$D$28:$AD$50,6,FALSE)),"",(VLOOKUP($D8,BDD!$D$28:$AD$50,6,FALSE))) | K8: =IF(ISERROR(VLOOKUP($D8,BDD!$D$28:$AD$50,7,FALSE)),"",(VLOOKUP($D8,BDD!$D$28:$AD$50,7,FALSE))) | L8: =IF(ISERROR(VLOOKUP($D8,BDD!$D$28:$AD$50,8,FALSE)),"",(VLOOKUP($D8,BDD!$D$28:$AD$50,8,FALSE))) | M8: =IF(ISERROR(VLOOKUP($D8,BDD!$D$28:$AD$50,9,FALSE)),"",(VLOOKUP($D8,BDD!$D$28:$AD$50,9,FALSE))) | N8: =IF(ISERROR(VLOOKUP($D8,BDD!$D$28:$AD$50,10,FALSE)),"",(VLOOKUP($D8,BDD!$D$28:$AD$50,10,FALSE))) | O8: =IF(ISERROR(VLOOKUP($D8,BDD!$D$28:$AD$50,11,FALSE)),"",(VLOOKUP($D8,BDD!$D$28:$AD$50,11,FALSE))) | P8: =IF(ISERROR(VLOOKUP($D8,BDD!$D$28:$AD$50,12,FALSE)),"",(VLOOKUP($D8,BDD!$D$28:$AD$50,12,FALSE))) | Q8: =IF(ISERROR(VLOOKUP($D8,BDD!$D$28:$AD$50,13,FALSE)),"",(VLOOKUP($D8,BDD!$D$28:$AD$50,13,FALSE))) | R8: =IF(ISERROR(VLOOKUP($D8,BDD!$D$28:$AD$50,14,FALSE)),"",(VLOOKUP($D8,BDD!$D$28:$AD$50,14,FALSE))) | S8: =IF(ISERROR(VLOOKUP($D8,BDD!$D$28:$AD$50,15,FALSE)),"",(VLOOKUP($D8,BDD!$D$28:$AD$50,15,FALSE))) | T8: =IF(ISERROR(VLOOKUP($D8,BDD!$D$28:$AD$50,16,FALSE)),"",(VLOOKUP($D8,BDD!$D$28:$AD$50,16,FALSE))) | U8: =IF(ISERROR(VLOOKUP($D8,BDD!$D$28:$AD$50,17,FALSE)),"",(VLOOKUP($D8,BDD!$D$28:$AD$50,17,FALSE))) | V8: =IF(ISERROR(VLOOKUP($D8,BDD!$D$28:$AD$50,18,FALSE)),"",(VLOOKUP($D8,BDD!$D$28:$AD$50,18,FALSE))) | W8: =IF(ISERROR(VLOOKUP($D8,BDD!$D$28:$AD$50,19,FALSE)),"",(VLOOKUP($D8,BDD!$D$28:$AD$50,19,FALSE))) | X8: =IF(ISERROR(VLOOKUP($D8,BDD!$D$28:$AD$50,20,FALSE)),"",(VLOOKUP($D8,BDD!$D$28:$AD$50,20,FALSE))) | Y8: =IF(ISERROR(VLOOKUP($D8,BDD!$D$28:$AD$50,21,FALSE)),"",(VLOOKUP($D8,BDD!$D$28:$AD$50,21,FALSE))) | Z8: =IF(ISERROR(VLOOKUP($D8,BDD!$D$28:$AD$50,22,FALSE)),"",(VLOOKUP($D8,BDD!$D$28:$AD$50,22,FALSE))) | AA8: =IF(ISERROR(VLOOKUP($D9,BDD!$D$28:$AD$50,23,FALSE)),"",(VLOOKUP($D9,BDD!$D$28:$AD$50,23,FALSE))) | AB8: =AA8*(1-$AB$1) -> #VALUE! | AC8: =AB8*G9 -> #VALUE! | AD8: 0.07 | AE8: =AD8*AC8 -> #VALUE!
E9: =IF(ISERROR(VLOOKUP($D9,BDD!$D$28:$AD$50,1,FALSE)),"",(VLOOKUP($D9,BDD!$D$28:$AD$50,2,FALSE))) | H9: =IF(ISERROR(VLOOKUP($D9,BDD!$D$5:$AD$50,3,FALSE)),"",(VLOOKUP($D9,BDD!$D$5:$AD$50,4,FALSE))) | I9: =IF(ISERROR(VLOOKUP($D9,BDD!$D$28:$AD$50,5,FALSE)),"",(VLOOKUP($D9,BDD!$D$28:$AD$50,5,FALSE))) | J9: =IF(ISERROR(VLOOKUP($D9,BDD!$D$28:$AD$50,6,FALSE)),"",(VLOOKUP($D9,BDD!$D$28:$AD$50,6,FALSE))) | K9: =IF(ISERROR(VLOOKUP($D9,BDD!$D$28:$AD$50,7,FALSE)),"",(VLOOKUP($D9,BDD!$D$28:$AD$50,7,FALSE))) | L9: =IF(ISERROR(VLOOKUP($D9,BDD!$D$28:$AD$50,8,FALSE)),"",(VLOOKUP($D9,BDD!$D$28:$AD$50,8,FALSE))) | M9: =IF(ISERROR(VLOOKUP($D9,BDD!$D$28:$AD$50,9,FALSE)),"",(VLOOKUP($D9,BDD!$D$28:$AD$50,9,FALSE))) | N9: =IF(ISERROR(VLOOKUP($D9,BDD!$D$28:$AD$50,10,FALSE)),"",(VLOOKUP($D9,BDD!$D$28:$AD$50,10,FALSE))) | O9: =IF(ISERROR(VLOOKUP($D9,BDD!$D$28:$AD$50,11,FALSE)),"",(VLOOKUP($D9,BDD!$D$28:$AD$50,11,FALSE))) | P9: =IF(ISERROR(VLOOKUP($D9,BDD!$D$28:$AD$50,12,FALSE)),"",(VLOOKUP($D9,BDD!$D$28:$AD$50,12,FALSE))) | Q9: =IF(ISERROR(VLOOKUP($D9,BDD!$D$28:$AD$50,13,FALSE)),"",(VLOOKUP($D9,BDD!$D$28:$AD$50,13,FALSE))) | R9: =IF(ISERROR(VLOOKUP($D9,BDD!$D$28:$AD$50,14,FALSE)),"",(VLOOKUP($D9,BDD!$D$28:$AD$50,14,FALSE))) | S9: =IF(ISERROR(VLOOKUP($D9,BDD!$D$28:$AD$50,15,FALSE)),"",(VLOOKUP($D9,BDD!$D$28:$AD$50,15,FALSE))) | T9: =IF(ISERROR(VLOOKUP($D9,BDD!$D$28:$AD$50,16,FALSE)),"",(VLOOKUP($D9,BDD!$D$28:$AD$50,16,FALSE))) | U9: =IF(ISERROR(VLOOKUP($D9,BDD!$D$28:$AD$50,17,FALSE)),"",(VLOOKUP($D9,BDD!$D$28:$AD$50,17,FALSE))) | V9: =IF(ISERROR(VLOOKUP($D9,BDD!$D$28:$AD$50,18,FALSE)),"",(VLOOKUP($D9,BDD!$D$28:$AD$50,18,FALSE))) | W9: =IF(ISERROR(VLOOKUP($D9,BDD!$D$28:$AD$50,19,FALSE)),"",(VLOOKUP($D9,BDD!$D$28:$AD$50,19,FALSE))) | X9: =IF(ISERROR(VLOOKUP($D9,BDD!$D$28:$AD$50,20,FALSE)),"",(VLOOKUP($D9,BDD!$D$28:$AD$50,20,FALSE))) | Y9: =IF(ISERROR(VLOOKUP($D9,BDD!$D$28:$AD$50,21,FALSE)),"",(VLOOKUP($D9,BDD!$D$28:$AD$50,21,FALSE))) | Z9: =IF(ISERROR(VLOOKUP($D9,BDD!$D$28:$AD$50,22,FALSE)),"",(VLOOKUP($D9,BDD!$D$28:$AD$50,22,FALSE))) | AA9: =IF(ISERROR(VLOOKUP($D10,BDD!$D$28:$AD$50,23,FALSE)),"",(VLOOKUP($D10,BDD!$D$28:$AD$50,23,FALSE))) | AB9: =AA9*(1-$AB$1) -> #VALUE! | AC9: =AB9*G10 -> #VALUE! | AD9: 0.07 | AE9: =AD9*AC9 -> #VALUE!
E10: =IF(ISERROR(VLOOKUP($D10,BDD!$D$28:$AD$50,1,FALSE)),"",(VLOOKUP($D10,BDD!$D$28:$AD$50,2,FALSE))) | H10: =IF(ISERROR(VLOOKUP($D10,BDD!$D$5:$AD$50,3,FALSE)),"",(VLOOKUP($D10,BDD!$D$5:$AD$50,4,FALSE))) | I10: =IF(ISERROR(VLOOKUP($D10,BDD!$D$28:$AD$50,5,FALSE)),"",(VLOOKUP($D10,BDD!$D$28:$AD$50,5,FALSE))) | J10: =IF(ISERROR(VLOOKUP($D10,BDD!$D$28:$AD$50,6,FALSE)),"",(VLOOKUP($D10,BDD!$D$28:$AD$50,6,FALSE))) | K10: =IF(ISERROR(VLOOKUP($D10,BDD!$D$28:$AD$50,7,FALSE)),"",(VLOOKUP($D10,BDD!$D$28:$AD$50,7,FALSE))) | L10: =IF(ISERROR(VLOOKUP($D10,BDD!$D$28:$AD$50,8,FALSE)),"",(VLOOKUP($D10,BDD!$D$28:$AD$50,8,FALSE))) | M10: =IF(ISERROR(VLOOKUP($D10,BDD!$D$28:$AD$50,9,FALSE)),"",(VLOOKUP($D10,BDD!$D$28:$AD$50,9,FALSE))) | N10: =IF(ISERROR(VLOOKUP($D10,BDD!$D$28:$AD$50,10,FALSE)),"",(VLOOKUP($D10,BDD!$D$28:$AD$50,10,FALSE))) | O10: =IF(ISERROR(VLOOKUP($D10,BDD!$D$28:$AD$50,11,FALSE)),"",(VLOOKUP($D10,BDD!$D$28:$AD$50,11,FALSE))) | P10: =IF(ISERROR(VLOOKUP($D10,BDD!$D$28:$AD$50,12,FALSE)),"",(VLOOKUP($D10,BDD!$D$28:$AD$50,12,FALSE))) | Q10: =IF(ISERROR(VLOOKUP($D10,BDD!$D$28:$AD$50,13,FALSE)),"",(VLOOKUP($D10,BDD!$D$28:$AD$50,13,FALSE))) | R10: =IF(ISERROR(VLOOKUP($D10,BDD!$D$28:$AD$50,14,FALSE)),"",(VLOOKUP($D10,BDD!$D$28:$AD$50,14,FALSE))) | S10: =IF(ISERROR(VLOOKUP($D10,BDD!$D$28:$AD$50,15,FALSE)),"",(VLOOKUP($D10,BDD!$D$28:$AD$50,15,FALSE))) | T10: =IF(ISERROR(VLOOKUP($D10,BDD!$D$28:$AD$50,16,FALSE)),"",(VLOOKUP($D10,BDD!$D$28:$AD$50,16,FALSE))) | U10: =IF(ISERROR(VLOOKUP($D10,BDD!$D$28:$AD$50,17,FALSE)),"",(VLOOKUP($D10,BDD!$D$28:$AD$50,17,FALSE))) | V10: =IF(ISERROR(VLOOKUP($D10,BDD!$D$28:$AD$50,18,FALSE)),"",(VLOOKUP($D10,BDD!$D$28:$AD$50,18,FALSE))) | W10: =IF(ISERROR(VLOOKUP($D10,BDD!$D$28:$AD$50,19,FALSE)),"",(VLOOKUP($D10,BDD!$D$28:$AD$50,19,FALSE))) | X10: =IF(ISERROR(VLOOKUP($D10,BDD!$D$28:$AD$50,20,FALSE)),"",(VLOOKUP($D10,BDD!$D$28:$AD$50,20,FALSE))) | Y10: =IF(ISERROR(VLOOKUP($D10,BDD!$D$28:$AD$50,21,FALSE)),"",(VLOOKUP($D10,BDD!$D$28:$AD$50,21,FALSE))) | Z10: =IF(ISERROR(VLOOKUP($D10,BDD!$D$28:$AD$50,22,FALSE)),"",(VLOOKUP($D10,BDD!$D$28:$AD$50,22,FALSE))) | AA10: =IF(ISERROR(VLOOKUP($D11,BDD!$D$28:$AD$50,23,FALSE)),"",(VLOOKUP($D11,BDD!$D$28:$AD$50,23,FALSE))) | AB10: =AA10*(1-$AB$1) -> #VALUE! | AC10: =AB10*G11 -> #VALUE! | AD10: 0.07 | AE10: =AD10*AC10 -> #VALUE!
E11: =IF(ISERROR(VLOOKUP($D11,BDD!$D$28:$AD$50,1,FALSE)),"",(VLOOKUP($D11,BDD!$D$28:$AD$50,2,FALSE))) | H11: =IF(ISERROR(VLOOKUP($D11,BDD!$D$5:$AD$50,3,FALSE)),"",(VLOOKUP($D11,BDD!$D$5:$AD$50,4,FALSE))) | I11: =IF(ISERROR(VLOOKUP($D11,BDD!$D$28:$AD$50,5,FALSE)),"",(VLOOKUP($D11,BDD!$D$28:$AD$50,5,FALSE))) | J11: =IF(ISERROR(VLOOKUP($D11,BDD!$D$28:$AD$50,6,FALSE)),"",(VLOOKUP($D11,BDD!$D$28:$AD$50,6,FALSE))) | K11: =IF(ISERROR(VLOOKUP($D11,BDD!$D$28:$AD$50,7,FALSE)),"",(VLOOKUP($D11,BDD!$D$28:$AD$50,7,FALSE))) | L11: =IF(ISERROR(VLOOKUP($D11,BDD!$D$28:$AD$50,8,FALSE)),"",(VLOOKUP($D11,BDD!$D$28:$AD$50,8,FALSE))) | M11: =IF(ISERROR(VLOOKUP($D11,BDD!$D$28:$AD$50,9,FALSE)),"",(VLOOKUP($D11,BDD!$D$28:$AD$50,9,FALSE))) | N11: =IF(ISERROR(VLOOKUP($D11,BDD!$D$28:$AD$50,10,FALSE)),"",(VLOOKUP($D11,BDD!$D$28:$AD$50,10,FALSE))) | O11: =IF(ISERROR(VLOOKUP($D11,BDD!$D$28:$AD$50,11,FALSE)),"",(VLOOKUP($D11,BDD!$D$28:$AD$50,11,FALSE))) | P11: =IF(ISERROR(VLOOKUP($D11,BDD!$D$28:$AD$50,12,FALSE)),"",(VLOOKUP($D11,BDD!$D$28:$AD$50,12,FALSE))) | Q11: =IF(ISERROR(VLOOKUP($D11,BDD!$D$28:$AD$50,13,FALSE)),"",(VLOOKUP($D11,BDD!$D$28:$AD$50,13,FALSE))) | R11: =IF(ISERROR(VLOOKUP($D11,BDD!$D$28:$AD$50,14,FALSE)),"",(VLOOKUP($D11,BDD!$D$28:$AD$50,14,FALSE))) | S11: =IF(ISERROR(VLOOKUP($D11,BDD!$D$28:$AD$50,15,FALSE)),"",(VLOOKUP($D11,BDD!$D$28:$AD$50,15,FALSE))) | T11: =IF(ISERROR(VLOOKUP($D11,BDD!$D$28:$AD$50,16,FALSE)),"",(VLOOKUP($D11,BDD!$D$28:$AD$50,16,FALSE))) | U11: =IF(ISERROR(VLOOKUP($D11,BDD!$D$28:$AD$50,17,FALSE)),"",(VLOOKUP($D11,BDD!$D$28:$AD$50,17,FALSE))) | V11: =IF(ISERROR(VLOOKUP($D11,BDD!$D$28:$AD$50,18,FALSE)),"",(VLOOKUP($D11,BDD!$D$28:$AD$50,18,FALSE))) | W11: =IF(ISERROR(VLOOKUP($D11,BDD!$D$28:$AD$50,19,FALSE)),"",(VLOOKUP($D11,BDD!$D$28:$AD$50,19,FALSE))) | X11: =IF(ISERROR(VLOOKUP($D11,BDD!$D$28:$AD$50,20,FALSE)),"",(VLOOKUP($D11,BDD!$D$28:$AD$50,20,FALSE))) | Y11: =IF(ISERROR(VLOOKUP($D11,BDD!$D$28:$AD$50,21,FALSE)),"",(VLOOKUP($D11,BDD!$D$28:$AD$50,21,FALSE))) | Z11: =IF(ISERROR(VLOOKUP($D11,BDD!$D$28:$AD$50,22,FALSE)),"",(VLOOKUP($D11,BDD!$D$28:$AD$50,22,FALSE))) | AA11: =IF(ISERROR(VLOOKUP(#REF!,BDD!$D$28:$AD$50,23,FALSE)),"",(VLOOKUP(#REF!,BDD!$D$28:$AD$50,23,FALSE))) | AB11: =AA11*(1-$AB$1) -> #VALUE! | AC11: =AB11*#REF! -> #VALUE! | AD11: 0.07 | AE11: =AD11*AC11 -> #VALUE!
E12: =IF(ISERROR(VLOOKUP($D12,BDD!$D$28:$AD$50,1,FALSE)),"",(VLOOKUP($D12,BDD!$D$28:$AD$50,2,FALSE))) | H12: =IF(ISERROR(VLOOKUP($D12,BDD!$D$5:$AD$50,3,FALSE)),"",(VLOOKUP($D12,BDD!$D$5:$AD$50,4,FALSE))) | I12: =IF(ISERROR(VLOOKUP($D12,BDD!$D$28:$AD$50,5,FALSE)),"",(VLOOKUP($D12,BDD!$D$28:$AD$50,5,FALSE))) | J12: =IF(ISERROR(VLOOKUP($D12,BDD!$D$28:$AD$50,6,FALSE)),"",(VLOOKUP($D12,BDD!$D$28:$AD$50,6,FALSE))) | K12: =IF(ISERROR(VLOOKUP($D12,BDD!$D$28:$AD$50,7,FALSE)),"",(VLOOKUP($D12,BDD!$D$28:$AD$50,7,FALSE))) | L12: =IF(ISERROR(VLOOKUP($D12,BDD!$D$28:$AD$50,8,FALSE)),"",(VLOOKUP($D12,BDD!$D$28:$AD$50,8,FALSE))) | M12: =IF(ISERROR(VLOOKUP($D12,BDD!$D$28:$AD$50,9,FALSE)),"",(VLOOKUP($D12,BDD!$D$28:$AD$50,9,FALSE))) | N12: =IF(ISERROR(VLOOKUP($D12,BDD!$D$28:$AD$50,10,FALSE)),"",(VLOOKUP($D12,BDD!$D$28:$AD$50,10,FALSE))) | O12: =IF(ISERROR(VLOOKUP($D12,BDD!$D$28:$AD$50,11,FALSE)),"",(VLOOKUP($D12,BDD!$D$28:$AD$50,11,FALSE))) | P12: =IF(ISERROR(VLOOKUP($D12,BDD!$D$28:$AD$50,12,FALSE)),"",(VLOOKUP($D12,BDD!$D$28:$AD$50,12,FALSE))) | Q12: =IF(ISERROR(VLOOKUP($D12,BDD!$D$28:$AD$50,13,FALSE)),"",(VLOOKUP($D12,BDD!$D$28:$AD$50,13,FALSE))) | R12: =IF(ISERROR(VLOOKUP($D12,BDD!$D$28:$AD$50,14,FALSE)),"",(VLOOKUP($D12,BDD!$D$28:$AD$50,14,FALSE))) | S12: =IF(ISERROR(VLOOKUP($D12,BDD!$D$28:$AD$50,15,FALSE)),"",(VLOOKUP($D12,BDD!$D$28:$AD$50,15,FALSE))) | T12: =IF(ISERROR(VLOOKUP($D12,BDD!$D$28:$AD$50,16,FALSE)),"",(VLOOKUP($D12,BDD!$D$28:$AD$50,16,FALSE))) | U12: =IF(ISERROR(VLOOKUP($D12,BDD!$D$28:$AD$50,17,FALSE)),"",(VLOOKUP($D12,BDD!$D$28:$AD$50,17,FALSE))) | V12: =IF(ISERROR(VLOOKUP($D12,BDD!$D$28:$AD$50,18,FALSE)),"",(VLOOKUP($D12,BDD!$D$28:$AD$50,18,FALSE))) | W12: =IF(ISERROR(VLOOKUP($D12,BDD!$D$28:$AD$50,19,FALSE)),"",(VLOOKUP($D12,BDD!$D$28:$AD$50,19,FALSE))) | X12: =IF(ISERROR(VLOOKUP($D12,BDD!$D$28:$AD$50,20,FALSE)),"",(VLOOKUP($D12,BDD!$D$28:$AD$50,20,FALSE))) | Y12: =IF(ISERROR(VLOOKUP($D12,BDD!$D$28:$AD$50,21,FALSE)),"",(VLOOKUP($D12,BDD!$D$28:$AD$50,21,FALSE))) | Z12: =IF(ISERROR(VLOOKUP($D12,BDD!$D$28:$AD$50,22,FALSE)),"",(VLOOKUP($D12,BDD!$D$28:$AD$50,22,FALSE))) | AA12: =IF(ISERROR(VLOOKUP($D13,BDD!$D$28:$AD$50,23,FALSE)),"",(VLOOKUP($D13,BDD!$D$28:$AD$50,23,FALSE))) | AB12: =AA12*(1-$AB$1) -> #VALUE! | AC12: =AB12*G13 -> #VALUE! | AD12: 0.07 | AE12: =AD12*AC12 -> #VALUE!
E13: =IF(ISERROR(VLOOKUP($D13,BDD!$D$28:$AD$50,1,FALSE)),"",(VLOOKUP($D13,BDD!$D$28:$AD$50,2,FALSE))) | H13: =IF(ISERROR(VLOOKUP($D13,BDD!$D$5:$AD$50,3,FALSE)),"",(VLOOKUP($D13,BDD!$D$5:$AD$50,4,FALSE))) | I13: =IF(ISERROR(VLOOKUP($D13,BDD!$D$28:$AD$50,5,FALSE)),"",(VLOOKUP($D13,BDD!$D$28:$AD$50,5,FALSE))) | J13: =IF(ISERROR(VLOOKUP($D13,BDD!$D$28:$AD$50,6,FALSE)),"",(VLOOKUP($D13,BDD!$D$28:$AD$50,6,FALSE))) | K13: =IF(ISERROR(VLOOKUP($D13,BDD!$D$28:$AD$50,7,FALSE)),"",(VLOOKUP($D13,BDD!$D$28:$AD$50,7,FALSE))) | L13: =IF(ISERROR(VLOOKUP($D13,BDD!$D$28:$AD$50,8,FALSE)),"",(VLOOKUP($D13,BDD!$D$28:$AD$50,8,FALSE))) | M13: =IF(ISERROR(VLOOKUP($D13,BDD!$D$28:$AD$50,9,FALSE)),"",(VLOOKUP($D13,BDD!$D$28:$AD$50,9,FALSE))) | N13: =IF(ISERROR(VLOOKUP($D13,BDD!$D$28:$AD$50,10,FALSE)),"",(VLOOKUP($D13,BDD!$D$28:$AD$50,10,FALSE))) | O13: =IF(ISERROR(VLOOKUP($D13,BDD!$D$28:$AD$50,11,FALSE)),"",(VLOOKUP($D13,BDD!$D$28:$AD$50,11,FALSE))) | P13: =IF(ISERROR(VLOOKUP($D13,BDD!$D$28:$AD$50,12,FALSE)),"",(VLOOKUP($D13,BDD!$D$28:$AD$50,12,FALSE))) | Q13: =IF(ISERROR(VLOOKUP($D13,BDD!$D$28:$AD$50,13,FALSE)),"",(VLOOKUP($D13,BDD!$D$28:$AD$50,13,FALSE))) | R13: =IF(ISERROR(VLOOKUP($D13,BDD!$D$28:$AD$50,14,FALSE)),"",(VLOOKUP($D13,BDD!$D$28:$AD$50,14,FALSE))) | S13: =IF(ISERROR(VLOOKUP($D13,BDD!$D$28:$AD$50,15,FALSE)),"",(VLOOKUP($D13,BDD!$D$28:$AD$50,15,FALSE))) | T13: =IF(ISERROR(VLOOKUP($D13,BDD!$D$28:$AD$50,16,FALSE)),"",(VLOOKUP($D13,BDD!$D$28:$AD$50,16,FALSE))) | U13: =IF(ISERROR(VLOOKUP($D13,BDD!$D$28:$AD$50,17,FALSE)),"",(VLOOKUP($D13,BDD!$D$28:$AD$50,17,FALSE))) | V13: =IF(ISERROR(VLOOKUP($D13,BDD!$D$28:$AD$50,18,FALSE)),"",(VLOOKUP($D13,BDD!$D$28:$AD$50,18,FALSE))) | W13: =IF(ISERROR(VLOOKUP($D13,BDD!$D$28:$AD$50,19,FALSE)),"",(VLOOKUP($D13,BDD!$D$28:$AD$50,19,FALSE))) | X13: =IF(ISERROR(VLOOKUP($D13,BDD!$D$28:$AD$50,20,FALSE)),"",(VLOOKUP($D13,BDD!$D$28:$AD$50,20,FALSE))) | Y13: =IF(ISERROR(VLOOKUP($D13,BDD!$D$28:$AD$50,21,FALSE)),"",(VLOOKUP($D13,BDD!$D$28:$AD$50,21,FALSE))) | Z13: =IF(ISERROR(VLOOKUP($D13,BDD!$D$28:$AD$50,22,FALSE)),"",(VLOOKUP($D13,BDD!$D$28:$AD$50,22,FALSE))) | AA13: =IF(ISERROR(VLOOKUP($D14,BDD!$D$28:$AD$50,23,FALSE)),"",(VLOOKUP($D14,BDD!$D$28:$AD$50,23,FALSE))) | AB13: =AA13*(1-$AB$1) -> #VALUE! | AC13: =AB13*G14 -> #VALUE! | AD13: 0.07 | AE13: =AD13*AC13 -> #VALUE!
E14: =IF(ISERROR(VLOOKUP($D14,BDD!$D$28:$AD$50,1,FALSE)),"",(VLOOKUP($D14,BDD!$D$28:$AD$50,2,FALSE))) | H14: =IF(ISERROR(VLOOKUP($D14,BDD!$D$5:$AD$50,3,FALSE)),"",(VLOOKUP($D14,BDD!$D$5:$AD$50,4,FALSE))) | I14: =IF(ISERROR(VLOOKUP($D14,BDD!$D$28:$AD$50,5,FALSE)),"",(VLOOKUP($D14,BDD!$D$28:$AD$50,5,FALSE))) | J14: =IF(ISERROR(VLOOKUP($D14,BDD!$D$28:$AD$50,6,FALSE)),"",(VLOOKUP($D14,BDD!$D$28:$AD$50,6,FALSE))) | K14: =IF(ISERROR(VLOOKUP($D14,BDD!$D$28:$AD$50,7,FALSE)),"",(VLOOKUP($D14,BDD!$D$28:$AD$50,7,FALSE))) | L14: =IF(ISERROR(VLOOKUP($D14,BDD!$D$28:$AD$50,8,FALSE)),"",(VLOOKUP($D14,BDD!$D$28:$AD$50,8,FALSE))) | M14: =IF(ISERROR(VLOOKUP($D14,BDD!$D$28:$AD$50,9,FALSE)),"",(VLOOKUP($D14,BDD!$D$28:$AD$50,9,FALSE))) | N14: =IF(ISERROR(VLOOKUP($D14,BDD!$D$28:$AD$50,10,FALSE)),"",(VLOOKUP($D14,BDD!$D$28:$AD$50,10,FALSE))) | O14: =IF(ISERROR(VLOOKUP($D14,BDD!$D$28:$AD$50,11,FALSE)),"",(VLOOKUP($D14,BDD!$D$28:$AD$50,11,FALSE))) | P14: =IF(ISERROR(VLOOKUP($D14,BDD!$D$28:$AD$50,12,FALSE)),"",(VLOOKUP($D14,BDD!$D$28:$AD$50,12,FALSE))) | Q14: =IF(ISERROR(VLOOKUP($D14,BDD!$D$28:$AD$50,13,FALSE)),"",(VLOOKUP($D14,BDD!$D$28:$AD$50,13,FALSE))) | R14: =IF(ISERROR(VLOOKUP($D14,BDD!$D$28:$AD$50,14,FALSE)),"",(VLOOKUP($D14,BDD!$D$28:$AD$50,14,FALSE))) | S14: =IF(ISERROR(VLOOKUP($D14,BDD!$D$28:$AD$50,15,FALSE)),"",(VLOOKUP($D14,BDD!$D$28:$AD$50,15,FALSE))) | T14: =IF(ISERROR(VLOOKUP($D14,BDD!$D$28:$AD$50,16,FALSE)),"",(VLOOKUP($D14,BDD!$D$28:$AD$50,16,FALSE))) | U14: =IF(ISERROR(VLOOKUP($D14,BDD!$D$28:$AD$50,17,FALSE)),"",(VLOOKUP($D14,BDD!$D$28:$AD$50,17,FALSE))) | V14: =IF(ISERROR(VLOOKUP($D14,BDD!$D$28:$AD$50,18,FALSE)),"",(VLOOKUP($D14,BDD!$D$28:$AD$50,18,FALSE))) | W14: =IF(ISERROR(VLOOKUP($D14,BDD!$D$28:$AD$50,19,FALSE)),"",(VLOOKUP($D14,BDD!$D$28:$AD$50,19,FALSE))) | X14: =IF(ISERROR(VLOOKUP($D14,BDD!$D$28:$AD$50,20,FALSE)),"",(VLOOKUP($D14,BDD!$D$28:$AD$50,20,FALSE))) | Y14: =IF(ISERROR(VLOOKUP($D14,BDD!$D$28:$AD$50,21,FALSE)),"",(VLOOKUP($D14,BDD!$D$28:$AD$50,21,FALSE))) | Z14: =IF(ISERROR(VLOOKUP($D14,BDD!$D$28:$AD$50,22,FALSE)),"",(VLOOKUP($D14,BDD!$D$28:$AD$50,22,FALSE))) | AA14: =IF(ISERROR(VLOOKUP($D15,BDD!$D$28:$AD$50,23,FALSE)),"",(VLOOKUP($D15,BDD!$D$28:$AD$50,23,FALSE)))
E15: =IF(ISERROR(VLOOKUP($D15,BDD!$D$28:$AD$50,1,FALSE)),"",(VLOOKUP($D15,BDD!$D$28:$AD$50,2,FALSE))) | H15: =IF(ISERROR(VLOOKUP($D15,BDD!$D$5:$AD$50,3,FALSE)),"",(VLOOKUP($D15,BDD!$D$5:$AD$50,4,FALSE))) | I15: =IF(ISERROR(VLOOKUP($D15,BDD!$D$28:$AD$50,5,FALSE)),"",(VLOOKUP($D15,BDD!$D$28:$AD$50,5,FALSE))) | J15: =IF(ISERROR(VLOOKUP($D15,BDD!$D$28:$AD$50,6,FALSE)),"",(VLOOKUP($D15,BDD!$D$28:$AD$50,6,FALSE))) | K15: =IF(ISERROR(VLOOKUP($D15,BDD!$D$28:$AD$50,7,FALSE)),"",(VLOOKUP($D15,BDD!$D$28:$AD$50,7,FALSE))) | L15: =IF(ISERROR(VLOOKUP($D15,BDD!$D$28:$AD$50,8,FALSE)),"",(VLOOKUP($D15,BDD!$D$28:$AD$50,8,FALSE))) | M15: =IF(ISERROR(VLOOKUP($D15,BDD!$D$28:$AD$50,9,FALSE)),"",(VLOOKUP($D15,BDD!$D$28:$AD$50,9,FALSE))) | N15: =IF(ISERROR(VLOOKUP($D15,BDD!$D$28:$AD$50,10,FALSE)),"",(VLOOKUP($D15,BDD!$D$28:$AD$50,10,FALSE))) | O15: =IF(ISERROR(VLOOKUP($D15,BDD!$D$28:$AD$50,11,FALSE)),"",(VLOOKUP($D15,BDD!$D$28:$AD$50,11,FALSE))) | P15: =IF(ISERROR(VLOOKUP($D15,BDD!$D$28:$AD$50,12,FALSE)),"",(VLOOKUP($D15,BDD!$D$28:$AD$50,12,FALSE))) | Q15: =IF(ISERROR(VLOOKUP($D15,BDD!$D$28:$AD$50,13,FALSE)),"",(VLOOKUP($D15,BDD!$D$28:$AD$50,13,FALSE))) | R15: =IF(ISERROR(VLOOKUP($D15,BDD!$D$28:$AD$50,14,FALSE)),"",(VLOOKUP($D15,BDD!$D$28:$AD$50,14,FALSE))) | S15: =IF(ISERROR(VLOOKUP($D15,BDD!$D$28:$AD$50,15,FALSE)),"",(VLOOKUP($D15,BDD!$D$28:$AD$50,15,FALSE))) | T15: =IF(ISERROR(VLOOKUP($D15,BDD!$D$28:$AD$50,16,FALSE)),"",(VLOOKUP($D15,BDD!$D$28:$AD$50,16,FALSE))) | U15: =IF(ISERROR(VLOOKUP($D15,BDD!$D$28:$AD$50,17,FALSE)),"",(VLOOKUP($D15,BDD!$D$28:$AD$50,17,FALSE))) | V15: =IF(ISERROR(VLOOKUP($D15,BDD!$D$28:$AD$50,18,FALSE)),"",(VLOOKUP($D15,BDD!$D$28:$AD$50,18,FALSE))) | W15: =IF(ISERROR(VLOOKUP($D15,BDD!$D$28:$AD$50,19,FALSE)),"",(VLOOKUP($D15,BDD!$D$28:$AD$50,19,FALSE))) | X15: =IF(ISERROR(VLOOKUP($D15,BDD!$D$28:$AD$50,20,FALSE)),"",(VLOOKUP($D15,BDD!$D$28:$AD$50,20,FALSE))) | Y15: =IF(ISERROR(VLOOKUP($D15,BDD!$D$28:$AD$50,21,FALSE)),"",(VLOOKUP($D15,BDD!$D$28:$AD$50,21,FALSE))) | Z15: =IF(ISERROR(VLOOKUP($D15,BDD!$D$28:$AD$50,22,FALSE)),"",(VLOOKUP($D15,BDD!$D$28:$AD$50,22,FALSE))) | AA15: =IF(ISERROR(VLOOKUP($D16,BDD!$D$28:$AD$50,23,FALSE)),"",(VLOOKUP($D16,BDD!$D$28:$AD$50,23,FALSE)))
E16: =IF(ISERROR(VLOOKUP($D16,BDD!$D$28:$AD$50,1,FALSE)),"",(VLOOKUP($D16,BDD!$D$28:$AD$50,2,FALSE))) | H16: =IF(ISERROR(VLOOKUP($D16,BDD!$D$5:$AD$50,3,FALSE)),"",(VLOOKUP($D16,BDD!$D$5:$AD$50,4,FALSE))) | I16: =IF(ISERROR(VLOOKUP($D16,BDD!$D$28:$AD$50,5,FALSE)),"",(VLOOKUP($D16,BDD!$D$28:$AD$50,5,FALSE))) | J16: =IF(ISERROR(VLOOKUP($D16,BDD!$D$28:$AD$50,6,FALSE)),"",(VLOOKUP($D16,BDD!$D$28:$AD$50,6,FALSE))) | K16: =IF(ISERROR(VLOOKUP($D16,BDD!$D$28:$AD$50,7,FALSE)),"",(VLOOKUP($D16,BDD!$D$28:$AD$50,7,FALSE))) | L16: =IF(ISERROR(VLOOKUP($D16,BDD!$D$28:$AD$50,8,FALSE)),"",(VLOOKUP($D16,BDD!$D$28:$AD$50,8,FALSE))) | M16: =IF(ISERROR(VLOOKUP($D16,BDD!$D$28:$AD$50,9,FALSE)),"",(VLOOKUP($D16,BDD!$D$28:$AD$50,9,FALSE))) | N16: =IF(ISERROR(VLOOKUP($D16,BDD!$D$28:$AD$50,10,FALSE)),"",(VLOOKUP($D16,BDD!$D$28:$AD$50,10,FALSE))) | O16: =IF(ISERROR(VLOOKUP($D16,BDD!$D$28:$AD$50,11,FALSE)),"",(VLOOKUP($D16,BDD!$D$28:$AD$50,11,FALSE))) | P16: =IF(ISERROR(VLOOKUP($D16,BDD!$D$28:$AD$50,12,FALSE)),"",(VLOOKUP($D16,BDD!$D$28:$AD$50,12,FALSE))) | Q16: =IF(ISERROR(VLOOKUP($D16,BDD!$D$28:$AD$50,13,FALSE)),"",(VLOOKUP($D16,BDD!$D$28:$AD$50,13,FALSE))) | R16: =IF(ISERROR(VLOOKUP($D16,BDD!$D$28:$AD$50,14,FALSE)),"",(VLOOKUP($D16,BDD!$D$28:$AD$50,14,FALSE))) | S16: =IF(ISERROR(VLOOKUP($D16,BDD!$D$28:$AD$50,15,FALSE)),"",(VLOOKUP($D16,BDD!$D$28:$AD$50,15,FALSE))) | T16: =IF(ISERROR(VLOOKUP($D16,BDD!$D$28:$AD$50,16,FALSE)),"",(VLOOKUP($D16,BDD!$D$28:$AD$50,16,FALSE))) | U16: =IF(ISERROR(VLOOKUP($D16,BDD!$D$28:$AD$50,17,FALSE)),"",(VLOOKUP($D16,BDD!$D$28:$AD$50,17,FALSE))) | V16: =IF(ISERROR(VLOOKUP($D16,BDD!$D$28:$AD$50,18,FALSE)),"",(VLOOKUP($D16,BDD!$D$28:$AD$50,18,FALSE))) | W16: =IF(ISERROR(VLOOKUP($D16,BDD!$D$28:$AD$50,19,FALSE)),"",(VLOOKUP($D16,BDD!$D$28:$AD$50,19,FALSE))) | X16: =IF(ISERROR(VLOOKUP($D16,BDD!$D$28:$AD$50,20,FALSE)),"",(VLOOKUP($D16,BDD!$D$28:$AD$50,20,FALSE))) | Y16: =IF(ISERROR(VLOOKUP($D16,BDD!$D$28:$AD$50,21,FALSE)),"",(VLOOKUP($D16,BDD!$D$28:$AD$50,21,FALSE))) | Z16: =IF(ISERROR(VLOOKUP($D16,BDD!$D$28:$AD$50,22,FALSE)),"",(VLOOKUP($D16,BDD!$D$28:$AD$50,22,FALSE))) | AA16: =IF(ISERROR(VLOOKUP($D17,BDD!$D$28:$AD$50,23,FALSE)),"",(VLOOKUP($D17,BDD!$D$28:$AD$50,23,FALSE)))
E17: =IF(ISERROR(VLOOKUP($D17,BDD!$D$28:$AD$50,1,FALSE)),"",(VLOOKUP($D17,BDD!$D$28:$AD$50,2,FALSE))) | H17: =IF(ISERROR(VLOOKUP($D17,BDD!$D$5:$AD$50,3,FALSE)),"",(VLOOKUP($D17,BDD!$D$5:$AD$50,4,FALSE))) | I17: =IF(ISERROR(VLOOKUP($D17,BDD!$D$28:$AD$50,5,FALSE)),"",(VLOOKUP($D17,BDD!$D$28:$AD$50,5,FALSE))) | J17: =IF(ISERROR(VLOOKUP($D17,BDD!$D$28:$AD$50,6,FALSE)),"",(VLOOKUP($D17,BDD!$D$28:$AD$50,6,FALSE))) | K17: =IF(ISERROR(VLOOKUP($D17,BDD!$D$28:$AD$50,7,FALSE)),"",(VLOOKUP($D17,BDD!$D$28:$AD$50,7,FALSE))) | L17: =IF(ISERROR(VLOOKUP($D17,BDD!$D$28:$AD$50,8,FALSE)),"",(VLOOKUP($D17,BDD!$D$28:$AD$50,8,FALSE))) | M17: =IF(ISERROR(VLOOKUP($D17,BDD!$D$28:$AD$50,9,FALSE)),"",(VLOOKUP($D17,BDD!$D$28:$AD$50,9,FALSE))) | N17: =IF(ISERROR(VLOOKUP($D17,BDD!$D$28:$AD$50,10,FALSE)),"",(VLOOKUP($D17,BDD!$D$28:$AD$50,10,FALSE))) | O17: =IF(ISERROR(VLOOKUP($D17,BDD!$D$28:$AD$50,11,FALSE)),"",(VLOOKUP($D17,BDD!$D$28:$AD$50,11,FALSE))) | P17: =IF(ISERROR(VLOOKUP($D17,BDD!$D$28:$AD$50,12,FALSE)),"",(VLOOKUP($D17,BDD!$D$28:$AD$50,12,FALSE))) | Q17: =IF(ISERROR(VLOOKUP($D17,BDD!$D$28:$AD$50,13,FALSE)),"",(VLOOKUP($D17,BDD!$D$28:$AD$50,13,FALSE))) | R17: =IF(ISERROR(VLOOKUP($D17,BDD!$D$28:$AD$50,14,FALSE)),"",(VLOOKUP($D17,BDD!$D$28:$AD$50,14,FALSE))) | S17: =IF(ISERROR(VLOOKUP($D17,BDD!$D$28:$AD$50,15,FALSE)),"",(VLOOKUP($D17,BDD!$D$28:$AD$50,15,FALSE))) | T17: =IF(ISERROR(VLOOKUP($D17,BDD!$D$28:$AD$50,16,FALSE)),"",(VLOOKUP($D17,BDD!$D$28:$AD$50,16,FALSE))) | U17: =IF(ISERROR(VLOOKUP($D17,BDD!$D$28:$AD$50,17,FALSE)),"",(VLOOKUP($D17,BDD!$D$28:$AD$50,17,FALSE))) | V17: =IF(ISERROR(VLOOKUP($D17,BDD!$D$28:$AD$50,18,FALSE)),"",(VLOOKUP($D17,BDD!$D$28:$AD$50,18,FALSE))) | W17: =IF(ISERROR(VLOOKUP($D17,BDD!$D$28:$AD$50,19,FALSE)),"",(VLOOKUP($D17,BDD!$D$28:$AD$50,19,FALSE))) | X17: =IF(ISERROR(VLOOKUP($D17,BDD!$D$28:$AD$50,20,FALSE)),"",(VLOOKUP($D17,BDD!$D$28:$AD$50,20,FALSE))) | Y17: =IF(ISERROR(VLOOKUP($D17,BDD!$D$28:$AD$50,21,FALSE)),"",(VLOOKUP($D17,BDD!$D$28:$AD$50,21,FALSE))) | Z17: =IF(ISERROR(VLOOKUP($D17,BDD!$D$28:$AD$50,22,FALSE)),"",(VLOOKUP($D17,BDD!$D$28:$AD$50,22,FALSE))) | AA17: =IF(ISERROR(VLOOKUP($D18,BDD!$D$28:$AD$50,23,FALSE)),"",(VLOOKUP($D18,BDD!$D$28:$AD$50,23,FALSE)))
E18: =IF(ISERROR(VLOOKUP($D18,BDD!$D$28:$AD$50,1,FALSE)),"",(VLOOKUP($D18,BDD!$D$28:$AD$50,2,FALSE))) | H18: =IF(ISERROR(VLOOKUP($D18,BDD!$D$5:$AD$50,3,FALSE)),"",(VLOOKUP($D18,BDD!$D$5:$AD$50,4,FALSE))) | I18: =IF(ISERROR(VLOOKUP($D18,BDD!$D$28:$AD$50,5,FALSE)),"",(VLOOKUP($D18,BDD!$D$28:$AD$50,5,FALSE))) | J18: =IF(ISERROR(VLOOKUP($D18,BDD!$D$28:$AD$50,6,FALSE)),"",(VLOOKUP($D18,BDD!$D$28:$AD$50,6,FALSE))) | K18: =IF(ISERROR(VLOOKUP($D18,BDD!$D$28:$AD$50,7,FALSE)),"",(VLOOKUP($D18,BDD!$D$28:$AD$50,7,FALSE))) | L18: =IF(ISERROR(VLOOKUP($D18,BDD!$D$28:$AD$50,8,FALSE)),"",(VLOOKUP($D18,BDD!$D$28:$AD$50,8,FALSE))) | M18: =IF(ISERROR(VLOOKUP($D18,BDD!$D$28:$AD$50,9,FALSE)),"",(VLOOKUP($D18,BDD!$D$28:$AD$50,9,FALSE))) | N18: =IF(ISERROR(VLOOKUP($D18,BDD!$D$28:$AD$50,10,FALSE)),"",(VLOOKUP($D18,BDD!$D$28:$AD$50,10,FALSE))) | O18: =IF(ISERROR(VLOOKUP($D18,BDD!$D$28:$AD$50,11,FALSE)),"",(VLOOKUP($D18,BDD!$D$28:$AD$50,11,FALSE))) | P18: =IF(ISERROR(VLOOKUP($D18,BDD!$D$28:$AD$50,12,FALSE)),"",(VLOOKUP($D18,BDD!$D$28:$AD$50,12,FALSE))) | Q18: =IF(ISERROR(VLOOKUP($D18,BDD!$D$28:$AD$50,13,FALSE)),"",(VLOOKUP($D18,BDD!$D$28:$AD$50,13,FALSE))) | R18: =IF(ISERROR(VLOOKUP($D18,BDD!$D$28:$AD$50,14,FALSE)),"",(VLOOKUP($D18,BDD!$D$28:$AD$50,14,FALSE))) | S18: =IF(ISERROR(VLOOKUP($D18,BDD!$D$28:$AD$50,15,FALSE)),"",(VLOOKUP($D18,BDD!$D$28:$AD$50,15,FALSE))) | T18: =IF(ISERROR(VLOOKUP($D18,BDD!$D$28:$AD$50,16,FALSE)),"",(VLOOKUP($D18,BDD!$D$28:$AD$50,16,FALSE))) | U18: =IF(ISERROR(VLOOKUP($D18,BDD!$D$28:$AD$50,17,FALSE)),"",(VLOOKUP($D18,BDD!$D$28:$AD$50,17,FALSE))) | V18: =IF(ISERROR(VLOOKUP($D18,BDD!$D$28:$AD$50,18,FALSE)),"",(VLOOKUP($D18,BDD!$D$28:$AD$50,18,FALSE))) | W18: =IF(ISERROR(VLOOKUP($D18,BDD!$D$28:$AD$50,19,FALSE)),"",(VLOOKUP($D18,BDD!$D$28:$AD$50,19,FALSE))) | X18: =IF(ISERROR(VLOOKUP($D18,BDD!$D$28:$AD$50,20,FALSE)),"",(VLOOKUP($D18,BDD!$D$28:$AD$50,20,FALSE))) | Y18: =IF(ISERROR(VLOOKUP($D18,BDD!$D$28:$AD$50,21,FALSE)),"",(VLOOKUP($D18,BDD!$D$28:$AD$50,21,FALSE))) | Z18: =IF(ISERROR(VLOOKUP($D18,BDD!$D$28:$AD$50,22,FALSE)),"",(VLOOKUP($D18,BDD!$D$28:$AD$50,22,FALSE))) | AA18: =IF(ISERROR(VLOOKUP($D19,BDD!$D$28:$AD$50,23,FALSE)),"",(VLOOKUP($D19,BDD!$D$28:$AD$50,23,FALSE)))
E19: =IF(ISERROR(VLOOKUP($D19,BDD!$D$28:$AD$50,1,FALSE)),"",(VLOOKUP($D19,BDD!$D$28:$AD$50,2,FALSE))) | H19: =IF(ISERROR(VLOOKUP($D19,BDD!$D$5:$AD$50,3,FALSE)),"",(VLOOKUP($D19,BDD!$D$5:$AD$50,4,FALSE))) | I19: =IF(ISERROR(VLOOKUP($D19,BDD!$D$28:$AD$50,5,FALSE)),"",(VLOOKUP($D19,BDD!$D$28:$AD$50,5,FALSE))) | J19: =IF(ISERROR(VLOOKUP($D19,BDD!$D$28:$AD$50,6,FALSE)),"",(VLOOKUP($D19,BDD!$D$28:$AD$50,6,FALSE))) | K19: =IF(ISERROR(VLOOKUP($D19,BDD!$D$28:$AD$50,7,FALSE)),"",(VLOOKUP($D19,BDD!$D$28:$AD$50,7,FALSE))) | L19: =IF(ISERROR(VLOOKUP($D19,BDD!$D$28:$AD$50,8,FALSE)),"",(VLOOKUP($D19,BDD!$D$28:$AD$50,8,FALSE))) | M19: =IF(ISERROR(VLOOKUP($D19,BDD!$D$28:$AD$50,9,FALSE)),"",(VLOOKUP($D19,BDD!$D$28:$AD$50,9,FALSE))) | N19: =IF(ISERROR(VLOOKUP($D19,BDD!$D$28:$AD$50,10,FALSE)),"",(VLOOKUP($D19,BDD!$D$28:$AD$50,10,FALSE))) | O19: =IF(ISERROR(VLOOKUP($D19,BDD!$D$28:$AD$50,11,FALSE)),"",(VLOOKUP($D19,BDD!$D$28:$AD$50,11,FALSE))) | P19: =IF(ISERROR(VLOOKUP($D19,BDD!$D$28:$AD$50,12,FALSE)),"",(VLOOKUP($D19,BDD!$D$28:$AD$50,12,FALSE))) | Q19: =IF(ISERROR(VLOOKUP($D19,BDD!$D$28:$AD$50,13,FALSE)),"",(VLOOKUP($D19,BDD!$D$28:$AD$50,13,FALSE))) | R19: =IF(ISERROR(VLOOKUP($D19,BDD!$D$28:$AD$50,14,FALSE)),"",(VLOOKUP($D19,BDD!$D$28:$AD$50,14,FALSE))) | S19: =IF(ISERROR(VLOOKUP($D19,BDD!$D$28:$AD$50,15,FALSE)),"",(VLOOKUP($D19,BDD!$D$28:$AD$50,15,FALSE))) | T19: =IF(ISERROR(VLOOKUP($D19,BDD!$D$28:$AD$50,16,FALSE)),"",(VLOOKUP($D19,BDD!$D$28:$AD$50,16,FALSE))) | U19: =IF(ISERROR(VLOOKUP($D19,BDD!$D$28:$AD$50,17,FALSE)),"",(VLOOKUP($D19,BDD!$D$28:$AD$50,17,FALSE))) | V19: =IF(ISERROR(VLOOKUP($D19,BDD!$D$28:$AD$50,18,FALSE)),"",(VLOOKUP($D19,BDD!$D$28:$AD$50,18,FALSE))) | W19: =IF(ISERROR(VLOOKUP($D19,BDD!$D$28:$AD$50,19,FALSE)),"",(VLOOKUP($D19,BDD!$D$28:$AD$50,19,FALSE))) | X19: =IF(ISERROR(VLOOKUP($D19,BDD!$D$28:$AD$50,20,FALSE)),"",(VLOOKUP($D19,BDD!$D$28:$AD$50,20,FALSE))) | Y19: =IF(ISERROR(VLOOKUP($D19,BDD!$D$28:$AD$50,21,FALSE)),"",(VLOOKUP($D19,BDD!$D$28:$AD$50,21,FALSE))) | Z19: =IF(ISERROR(VLOOKUP($D19,BDD!$D$28:$AD$50,22,FALSE)),"",(VLOOKUP($D19,BDD!$D$28:$AD$50,22,FALSE))) | AA19: =IF(ISERROR(VLOOKUP($D20,BDD!$D$28:$AD$50,23,FALSE)),"",(VLOOKUP($D20,BDD!$D$28:$AD$50,23,FALSE)))
E20: =IF(ISERROR(VLOOKUP($D20,BDD!$D$28:$AD$50,1,FALSE)),"",(VLOOKUP($D20,BDD!$D$28:$AD$50,2,FALSE))) | H20: =IF(ISERROR(VLOOKUP($D20,BDD!$D$5:$AD$50,3,FALSE)),"",(VLOOKUP($D20,BDD!$D$5:$AD$50,4,FALSE))) | I20: =IF(ISERROR(VLOOKUP($D20,BDD!$D$28:$AD$50,5,FALSE)),"",(VLOOKUP($D20,BDD!$D$28:$AD$50,5,FALSE))) | J20: =IF(ISERROR(VLOOKUP($D20,BDD!$D$28:$AD$50,6,FALSE)),"",(VLOOKUP($D20,BDD!$D$28:$AD$50,6,FALSE))) | K20: =IF(ISERROR(VLOOKUP($D20,BDD!$D$28:$AD$50,7,FALSE)),"",(VLOOKUP($D20,BDD!$D$28:$AD$50,7,FALSE))) | L20: =IF(ISERROR(VLOOKUP($D20,BDD!$D$28:$AD$50,8,FALSE)),"",(VLOOKUP($D20,BDD!$D$28:$AD$50,8,FALSE))) | M20: =IF(ISERROR(VLOOKUP($D20,BDD!$D$28:$AD$50,9,FALSE)),"",(VLOOKUP($D20,BDD!$D$28:$AD$50,9,FALSE))) | N20: =IF(ISERROR(VLOOKUP($D20,BDD!$D$28:$AD$50,10,FALSE)),"",(VLOOKUP($D20,BDD!$D$28:$AD$50,10,FALSE))) | O20: =IF(ISERROR(VLOOKUP($D20,BDD!$D$28:$AD$50,11,FALSE)),"",(VLOOKUP($D20,BDD!$D$28:$AD$50,11,FALSE))) | P20: =IF(ISERROR(VLOOKUP($D20,BDD!$D$28:$AD$50,12,FALSE)),"",(VLOOKUP($D20,BDD!$D$28:$AD$50,12,FALSE))) | Q20: =IF(ISERROR(VLOOKUP($D20,BDD!$D$28:$AD$50,13,FALSE)),"",(VLOOKUP($D20,BDD!$D$28:$AD$50,13,FALSE))) | R20: =IF(ISERROR(VLOOKUP($D20,BDD!$D$28:$AD$50,14,FALSE)),"",(VLOOKUP($D20,BDD!$D$28:$AD$50,14,FALSE))) | S20: =IF(ISERROR(VLOOKUP($D20,BDD!$D$28:$AD$50,15,FALSE)),"",(VLOOKUP($D20,BDD!$D$28:$AD$50,15,FALSE))) | T20: =IF(ISERROR(VLOOKUP($D20,BDD!$D$28:$AD$50,16,FALSE)),"",(VLOOKUP($D20,BDD!$D$28:$AD$50,16,FALSE))) | U20: =IF(ISERROR(VLOOKUP($D20,BDD!$D$28:$AD$50,17,FALSE)),"",(VLOOKUP($D20,BDD!$D$28:$AD$50,17,FALSE))) | V20: =IF(ISERROR(VLOOKUP($D20,BDD!$D$28:$AD$50,18,FALSE)),"",(VLOOKUP($D20,BDD!$D$28:$AD$50,18,FALSE))) | W20: =IF(ISERROR(VLOOKUP($D20,BDD!$D$28:$AD$50,19,FALSE)),"",(VLOOKUP($D20,BDD!$D$28:$AD$50,19,FALSE))) | X20: =IF(ISERROR(VLOOKUP($D20,BDD!$D$28:$AD$50,20,FALSE)),"",(VLOOKUP($D20,BDD!$D$28:$AD$50,20,FALSE))) | Y20: =IF(ISERROR(VLOOKUP($D20,BDD!$D$28:$AD$50,21,FALSE)),"",(VLOOKUP($D20,BDD!$D$28:$AD$50,21,FALSE))) | Z20: =IF(ISERROR(VLOOKUP($D20,BDD!$D$28:$AD$50,22,FALSE)),"",(VLOOKUP($D20,BDD!$D$28:$AD$50,22,FALSE))) | AA20: =IF(ISERROR(VLOOKUP($D21,BDD!$D$28:$AD$50,23,FALSE)),"",(VLOOKUP($D21,BDD!$D$28:$AD$50,23,FALSE)))
E21: =IF(ISERROR(VLOOKUP($D21,BDD!$D$28:$AD$50,1,FALSE)),"",(VLOOKUP($D21,BDD!$D$28:$AD$50,2,FALSE))) | H21: =IF(ISERROR(VLOOKUP($D21,BDD!$D$5:$AD$50,3,FALSE)),"",(VLOOKUP($D21,BDD!$D$5:$AD$50,4,FALSE))) | I21: =IF(ISERROR(VLOOKUP($D21,BDD!$D$28:$AD$50,5,FALSE)),"",(VLOOKUP($D21,BDD!$D$28:$AD$50,5,FALSE))) | J21: =IF(ISERROR(VLOOKUP($D21,BDD!$D$28:$AD$50,6,FALSE)),"",(VLOOKUP($D21,BDD!$D$28:$AD$50,6,FALSE))) | K21: =IF(ISERROR(VLOOKUP($D21,BDD!$D$28:$AD$50,7,FALSE)),"",(VLOOKUP($D21,BDD!$D$28:$AD$50,7,FALSE))) | L21: =IF(ISERROR(VLOOKUP($D21,BDD!$D$28:$AD$50,8,FALSE)),"",(VLOOKUP($D21,BDD!$D$28:$AD$50,8,FALSE))) | M21: =IF(ISERROR(VLOOKUP($D21,BDD!$D$28:$AD$50,9,FALSE)),"",(VLOOKUP($D21,BDD!$D$28:$AD$50,9,FALSE))) | N21: =IF(ISERROR(VLOOKUP($D21,BDD!$D$28:$AD$50,10,FALSE)),"",(VLOOKUP($D21,BDD!$D$28:$AD$50,10,FALSE))) | O21: =IF(ISERROR(VLOOKUP($D21,BDD!$D$28:$AD$50,11,FALSE)),"",(VLOOKUP($D21,BDD!$D$28:$AD$50,11,FALSE))) | P21: =IF(ISERROR(VLOOKUP($D21,BDD!$D$28:$AD$50,12,FALSE)),"",(VLOOKUP($D21,BDD!$D$28:$AD$50,12,FALSE))) | Q21: =IF(ISERROR(VLOOKUP($D21,BDD!$D$28:$AD$50,13,FALSE)),"",(VLOOKUP($D21,BDD!$D$28:$AD$50,13,FALSE))) | R21: =IF(ISERROR(VLOOKUP($D21,BDD!$D$28:$AD$50,14,FALSE)),"",(VLOOKUP($D21,BDD!$D$28:$AD$50,14,FALSE))) | S21: =IF(ISERROR(VLOOKUP($D21,BDD!$D$28:$AD$50,15,FALSE)),"",(VLOOKUP($D21,BDD!$D$28:$AD$50,15,FALSE))) | T21: =IF(ISERROR(VLOOKUP($D21,BDD!$D$28:$AD$50,16,FALSE)),"",(VLOOKUP($D21,BDD!$D$28:$AD$50,16,FALSE))) | U21: =IF(ISERROR(VLOOKUP($D21,BDD!$D$28:$AD$50,17,FALSE)),"",(VLOOKUP($D21,BDD!$D$28:$AD$50,17,FALSE))) | V21: =IF(ISERROR(VLOOKUP($D21,BDD!$D$28:$AD$50,18,FALSE)),"",(VLOOKUP($D21,BDD!$D$28:$AD$50,18,FALSE))) | W21: =IF(ISERROR(VLOOKUP($D21,BDD!$D$28:$AD$50,19,FALSE)),"",(VLOOKUP($D21,BDD!$D$28:$AD$50,19,FALSE))) | X21: =IF(ISERROR(VLOOKUP($D21,BDD!$D$28:$AD$50,20,FALSE)),"",(VLOOKUP($D21,BDD!$D$28:$AD$50,20,FALSE))) | Y21: =IF(ISERROR(VLOOKUP($D21,BDD!$D$28:$AD$50,21,FALSE)),"",(VLOOKUP($D21,BDD!$D$28:$AD$50,21,FALSE))) | Z21: =IF(ISERROR(VLOOKUP($D21,BDD!$D$28:$AD$50,22,FALSE)),"",(VLOOKUP($D21,BDD!$D$28:$AD$50,22,FALSE))) | AA21: =IF(ISERROR(VLOOKUP($D22,BDD!$D$28:$AD$50,23,FALSE)),"",(VLOOKUP($D22,BDD!$D$28:$AD$50,23,FALSE)))
E22: =IF(ISERROR(VLOOKUP($D22,BDD!$D$28:$AD$50,1,FALSE)),"",(VLOOKUP($D22,BDD!$D$28:$AD$50,2,FALSE))) | H22: =IF(ISERROR(VLOOKUP($D22,BDD!$D$5:$AD$50,3,FALSE)),"",(VLOOKUP($D22,BDD!$D$5:$AD$50,4,FALSE))) | I22: =IF(ISERROR(VLOOKUP($D22,BDD!$D$28:$AD$50,5,FALSE)),"",(VLOOKUP($D22,BDD!$D$28:$AD$50,5,FALSE))) | J22: =IF(ISERROR(VLOOKUP($D22,BDD!$D$28:$AD$50,6,FALSE)),"",(VLOOKUP($D22,BDD!$D$28:$AD$50,6,FALSE))) | K22: =IF(ISERROR(VLOOKUP($D22,BDD!$D$28:$AD$50,7,FALSE)),"",(VLOOKUP($D22,BDD!$D$28:$AD$50,7,FALSE))) | L22: =IF(ISERROR(VLOOKUP($D22,BDD!$D$28:$AD$50,8,FALSE)),"",(VLOOKUP($D22,BDD!$D$28:$AD$50,8,FALSE))) | M22: =IF(ISERROR(VLOOKUP($D22,BDD!$D$28:$AD$50,9,FALSE)),"",(VLOOKUP($D22,BDD!$D$28:$AD$50,9,FALSE))) | N22: =IF(ISERROR(VLOOKUP($D22,BDD!$D$28:$AD$50,10,FALSE)),"",(VLOOKUP($D22,BDD!$D$28:$AD$50,10,FALSE))) | O22: =IF(ISERROR(VLOOKUP($D22,BDD!$D$28:$AD$50,11,FALSE)),"",(VLOOKUP($D22,BDD!$D$28:$AD$50,11,FALSE))) | P22: =IF(ISERROR(VLOOKUP($D22,BDD!$D$28:$AD$50,12,FALSE)),"",(VLOOKUP($D22,BDD!$D$28:$AD$50,12,FALSE))) | Q22: =IF(ISERROR(VLOOKUP($D22,BDD!$D$28:$AD$50,13,FALSE)),"",(VLOOKUP($D22,BDD!$D$28:$AD$50,13,FALSE))) | R22: =IF(ISERROR(VLOOKUP($D22,BDD!$D$28:$AD$50,14,FALSE)),"",(VLOOKUP($D22,BDD!$D$28:$AD$50,14,FALSE))) | S22: =IF(ISERROR(VLOOKUP($D22,BDD!$D$28:$AD$50,15,FALSE)),"",(VLOOKUP($D22,BDD!$D$28:$AD$50,15,FALSE))) | T22: =IF(ISERROR(VLOOKUP($D22,BDD!$D$28:$AD$50,16,FALSE)),"",(VLOOKUP($D22,BDD!$D$28:$AD$50,16,FALSE))) | U22: =IF(ISERROR(VLOOKUP($D22,BDD!$D$28:$AD$50,17,FALSE)),"",(VLOOKUP($D22,BDD!$D$28:$AD$50,17,FALSE))) | V22: =IF(ISERROR(VLOOKUP($D22,BDD!$D$28:$AD$50,18,FALSE)),"",(VLOOKUP($D22,BDD!$D$28:$AD$50,18,FALSE))) | W22: =IF(ISERROR(VLOOKUP($D22,BDD!$D$28:$AD$50,19,FALSE)),"",(VLOOKUP($D22,BDD!$D$28:$AD$50,19,FALSE))) | X22: =IF(ISERROR(VLOOKUP($D22,BDD!$D$28:$AD$50,20,FALSE)),"",(VLOOKUP($D22,BDD!$D$28:$AD$50,20,FALSE))) | Y22: =IF(ISERROR(VLOOKUP($D22,BDD!$D$28:$AD$50,21,FALSE)),"",(VLOOKUP($D22,BDD!$D$28:$AD$50,21,FALSE))) | Z22: =IF(ISERROR(VLOOKUP($D22,BDD!$D$28:$AD$50,22,FALSE)),"",(VLOOKUP($D22,BDD!$D$28:$AD$50,22,FALSE))) | AA22: =IF(ISERROR(VLOOKUP($D23,BDD!$D$28:$AD$50,23,FALSE)),"",(VLOOKUP($D23,BDD!$D$28:$AD$50,23,FALSE)))
E23: =IF(ISERROR(VLOOKUP($D23,BDD!$D$28:$AD$50,1,FALSE)),"",(VLOOKUP($D23,BDD!$D$28:$AD$50,2,FALSE))) | H23: =IF(ISERROR(VLOOKUP($D23,BDD!$D$5:$AD$50,3,FALSE)),"",(VLOOKUP($D23,BDD!$D$5:$AD$50,4,FALSE))) | I23: =IF(ISERROR(VLOOKUP($D23,BDD!$D$28:$AD$50,5,FALSE)),"",(VLOOKUP($D23,BDD!$D$28:$AD$50,5,FALSE))) | J23: =IF(ISERROR(VLOOKUP($D23,BDD!$D$28:$AD$50,6,FALSE)),"",(VLOOKUP($D23,BDD!$D$28:$AD$50,6,FALSE))) | K23: =IF(ISERROR(VLOOKUP($D23,BDD!$D$28:$AD$50,7,FALSE)),"",(VLOOKUP($D23,BDD!$D$28:$AD$50,7,FALSE))) | L23: =IF(ISERROR(VLOOKUP($D23,BDD!$D$28:$AD$50,8,FALSE)),"",(VLOOKUP($D23,BDD!$D$28:$AD$50,8,FALSE))) | M23: =IF(ISERROR(VLOOKUP($D23,BDD!$D$28:$AD$50,9,FALSE)),"",(VLOOKUP($D23,BDD!$D$28:$AD$50,9,FALSE))) | N23: =IF(ISERROR(VLOOKUP($D23,BDD!$D$28:$AD$50,10,FALSE)),"",(VLOOKUP($D23,BDD!$D$28:$AD$50,10,FALSE))) | O23: =IF(ISERROR(VLOOKUP($D23,BDD!$D$28:$AD$50,11,FALSE)),"",(VLOOKUP($D23,BDD!$D$28:$AD$50,11,FALSE))) | P23: =IF(ISERROR(VLOOKUP($D23,BDD!$D$28:$AD$50,12,FALSE)),"",(VLOOKUP($D23,BDD!$D$28:$AD$50,12,FALSE))) | Q23: =IF(ISERROR(VLOOKUP($D23,BDD!$D$28:$AD$50,13,FALSE)),"",(VLOOKUP($D23,BDD!$D$28:$AD$50,13,FALSE))) | R23: =IF(ISERROR(VLOOKUP($D23,BDD!$D$28:$AD$50,14,FALSE)),"",(VLOOKUP($D23,BDD!$D$28:$AD$50,14,FALSE))) | S23: =IF(ISERROR(VLOOKUP($D23,BDD!$D$28:$AD$50,15,FALSE)),"",(VLOOKUP($D23,BDD!$D$28:$AD$50,15,FALSE))) | T23: =IF(ISERROR(VLOOKUP($D23,BDD!$D$28:$AD$50,16,FALSE)),"",(VLOOKUP($D23,BDD!$D$28:$AD$50,16,FALSE))) | U23: =IF(ISERROR(VLOOKUP($D23,BDD!$D$28:$AD$50,17,FALSE)),"",(VLOOKUP($D23,BDD!$D$28:$AD$50,17,FALSE))) | V23: =IF(ISERROR(VLOOKUP($D23,BDD!$D$28:$AD$50,18,FALSE)),"",(VLOOKUP($D23,BDD!$D$28:$AD$50,18,FALSE))) | W23: =IF(ISERROR(VLOOKUP($D23,BDD!$D$28:$AD$50,19,FALSE)),"",(VLOOKUP($D23,BDD!$D$28:$AD$50,19,FALSE))) | X23: =IF(ISERROR(VLOOKUP($D23,BDD!$D$28:$AD$50,20,FALSE)),"",(VLOOKUP($D23,BDD!$D$28:$AD$50,20,FALSE))) | Y23: =IF(ISERROR(VLOOKUP($D23,BDD!$D$28:$AD$50,21,FALSE)),"",(VLOOKUP($D23,BDD!$D$28:$AD$50,21,FALSE))) | Z23: =IF(ISERROR(VLOOKUP($D23,BDD!$D$28:$AD$50,22,FALSE)),"",(VLOOKUP($D23,BDD!$D$28:$AD$50,22,FALSE))) | AA23: =IF(ISERROR(VLOOKUP($D24,BDD!$D$28:$AD$50,23,FALSE)),"",(VLOOKUP($D24,BDD!$D$28:$AD$50,23,FALSE)))
E24: =IF(ISERROR(VLOOKUP($D24,BDD!$D$28:$AD$50,1,FALSE)),"",(VLOOKUP($D24,BDD!$D$28:$AD$50,2,FALSE))) | H24: =IF(ISERROR(VLOOKUP($D24,BDD!$D$5:$AD$50,3,FALSE)),"",(VLOOKUP($D24,BDD!$D$5:$AD$50,4,FALSE))) | I24: =IF(ISERROR(VLOOKUP($D24,BDD!$D$28:$AD$50,5,FALSE)),"",(VLOOKUP($D24,BDD!$D$28:$AD$50,5,FALSE))) | J24: =IF(ISERROR(VLOOKUP($D24,BDD!$D$28:$AD$50,6,FALSE)),"",(VLOOKUP($D24,BDD!$D$28:$AD$50,6,FALSE))) | K24: =IF(ISERROR(VLOOKUP($D24,BDD!$D$28:$AD$50,7,FALSE)),"",(VLOOKUP($D24,BDD!$D$28:$AD$50,7,FALSE))) | L24: =IF(ISERROR(VLOOKUP($D24,BDD!$D$28:$AD$50,8,FALSE)),"",(VLOOKUP($D24,BDD!$D$28:$AD$50,8,FALSE))) | M24: =IF(ISERROR(VLOOKUP($D24,BDD!$D$28:$AD$50,9,FALSE)),"",(VLOOKUP($D24,BDD!$D$28:$AD$50,9,FALSE))) | N24: =IF(ISERROR(VLOOKUP($D24,BDD!$D$28:$AD$50,10,FALSE)),"",(VLOOKUP($D24,BDD!$D$28:$AD$50,10,FALSE))) | O24: =IF(ISERROR(VLOOKUP($D24,BDD!$D$28:$AD$50,11,FALSE)),"",(VLOOKUP($D24,BDD!$D$28:$AD$50,11,FALSE))) | P24: =IF(ISERROR(VLOOKUP($D24,BDD!$D$28:$AD$50,12,FALSE)),"",(VLOOKUP($D24,BDD!$D$28:$AD$50,12,FALSE))) | Q24: =IF(ISERROR(VLOOKUP($D24,BDD!$D$28:$AD$50,13,FALSE)),"",(VLOOKUP($D24,BDD!$D$28:$AD$50,13,FALSE))) | R24: =IF(ISERROR(VLOOKUP($D24,BDD!$D$28:$AD$50,14,FALSE)),"",(VLOOKUP($D24,BDD!$D$28:$AD$50,14,FALSE))) | S24: =IF(ISERROR(VLOOKUP($D24,BDD!$D$28:$AD$50,15,FALSE)),"",(VLOOKUP($D24,BDD!$D$28:$AD$50,15,FALSE))) | T24: =IF(ISERROR(VLOOKUP($D24,BDD!$D$28:$AD$50,16,FALSE)),"",(VLOOKUP($D24,BDD!$D$28:$AD$50,16,FALSE))) | U24: =IF(ISERROR(VLOOKUP($D24,BDD!$D$28:$AD$50,17,FALSE)),"",(VLOOKUP($D24,BDD!$D$28:$AD$50,17,FALSE))) | V24: =IF(ISERROR(VLOOKUP($D24,BDD!$D$28:$AD$50,18,FALSE)),"",(VLOOKUP($D24,BDD!$D$28:$AD$50,18,FALSE))) | W24: =IF(ISERROR(VLOOKUP($D24,BDD!$D$28:$AD$50,19,FALSE)),"",(VLOOKUP($D24,BDD!$D$28:$AD$50,19,FALSE))) | X24: =IF(ISERROR(VLOOKUP($D24,BDD!$D$28:$AD$50,20,FALSE)),"",(VLOOKUP($D24,BDD!$D$28:$AD$50,20,FALSE))) | Y24: =IF(ISERROR(VLOOKUP($D24,BDD!$D$28:$AD$50,21,FALSE)),"",(VLOOKUP($D24,BDD!$D$28:$AD$50,21,FALSE))) | Z24: =IF(ISERROR(VLOOKUP($D24,BDD!$D$28:$AD$50,22,FALSE)),"",(VLOOKUP($D24,BDD!$D$28:$AD$50,22,FALSE))) | AA24: =IF(ISERROR(VLOOKUP($D25,BDD!$D$28:$AD$50,23,FALSE)),"",(VLOOKUP($D25,BDD!$D$28:$AD$50,23,FALSE)))
E25: =IF(ISERROR(VLOOKUP($D25,BDD!$D$28:$AD$50,1,FALSE)),"",(VLOOKUP($D25,BDD!$D$28:$AD$50,2,FALSE))) | H25: =IF(ISERROR(VLOOKUP($D25,BDD!$D$5:$AD$50,3,FALSE)),"",(VLOOKUP($D25,BDD!$D$5:$AD$50,4,FALSE))) | I25: =IF(ISERROR(VLOOKUP($D25,BDD!$D$28:$AD$50,5,FALSE)),"",(VLOOKUP($D25,BDD!$D$28:$AD$50,5,FALSE))) | J25: =IF(ISERROR(VLOOKUP($D25,BDD!$D$28:$AD$50,6,FALSE)),"",(VLOOKUP($D25,BDD!$D$28:$AD$50,6,FALSE))) | K25: =IF(ISERROR(VLOOKUP($D25,BDD!$D$28:$AD$50,7,FALSE)),"",(VLOOKUP($D25,BDD!$D$28:$AD$50,7,FALSE))) | L25: =IF(ISERROR(VLOOKUP($D25,BDD!$D$28:$AD$50,8,FALSE)),"",(VLOOKUP($D25,BDD!$D$28:$AD$50,8,FALSE))) | M25: =IF(ISERROR(VLOOKUP($D25,BDD!$D$28:$AD$50,9,FALSE)),"",(VLOOKUP($D25,BDD!$D$28:$AD$50,9,FALSE))) | N25: =IF(ISERROR(VLOOKUP($D25,BDD!$D$28:$AD$50,10,FALSE)),"",(VLOOKUP($D25,BDD!$D$28:$AD$50,10,FALSE))) | O25: =IF(ISERROR(VLOOKUP($D25,BDD!$D$28:$AD$50,11,FALSE)),"",(VLOOKUP($D25,BDD!$D$28:$AD$50,11,FALSE))) | P25: =IF(ISERROR(VLOOKUP($D25,BDD!$D$28:$AD$50,12,FALSE)),"",(VLOOKUP($D25,BDD!$D$28:$AD$50,12,FALSE))) | Q25: =IF(ISERROR(VLOOKUP($D25,BDD!$D$28:$AD$50,13,FALSE)),"",(VLOOKUP($D25,BDD!$D$28:$AD$50,13,FALSE))) | R25: =IF(ISERROR(VLOOKUP($D25,BDD!$D$28:$AD$50,14,FALSE)),"",(VLOOKUP($D25,BDD!$D$28:$AD$50,14,FALSE))) | S25: =IF(ISERROR(VLOOKUP($D25,BDD!$D$28:$AD$50,15,FALSE)),"",(VLOOKUP($D25,BDD!$D$28:$AD$50,15,FALSE))) | T25: =IF(ISERROR(VLOOKUP($D25,BDD!$D$28:$AD$50,16,FALSE)),"",(VLOOKUP($D25,BDD!$D$28:$AD$50,16,FALSE))) | U25: =IF(ISERROR(VLOOKUP($D25,BDD!$D$28:$AD$50,17,FALSE)),"",(VLOOKUP($D25,BDD!$D$28:$AD$50,17,FALSE))) | V25: =IF(ISERROR(VLOOKUP($D25,BDD!$D$28:$AD$50,18,FALSE)),"",(VLOOKUP($D25,BDD!$D$28:$AD$50,18,FALSE))) | W25: =IF(ISERROR(VLOOKUP($D25,BDD!$D$28:$AD$50,19,FALSE)),"",(VLOOKUP($D25,BDD!$D$28:$AD$50,19,FALSE))) | X25: =IF(ISERROR(VLOOKUP($D25,BDD!$D$28:$AD$50,20,FALSE)),"",(VLOOKUP($D25,BDD!$D$28:$AD$50,20,FALSE))) | Y25: =IF(ISERROR(VLOOKUP($D25,BDD!$D$28:$AD$50,21,FALSE)),"",(VLOOKUP($D25,BDD!$D$28:$AD$50,21,FALSE))) | Z25: =IF(ISERROR(VLOOKUP($D25,BDD!$D$28:$AD$50,22,FALSE)),"",(VLOOKUP($D25,BDD!$D$28:$AD$50,22,FALSE))) | AA25: =IF(ISERROR(VLOOKUP($D26,BDD!$D$28:$AD$50,23,FALSE)),"",(VLOOKUP($D26,BDD!$D$28:$AD$50,23,FALSE)))
... E54: =IF(ISERROR(VLOOKUP($D54,BDD!$D$28:$AD$50,1,FALSE)),"",(VLOOKUP($D54,BDD!$D$28:$AD$50,2,FALSE))) | H54: =IF(ISERROR(VLOOKUP($D54,BDD!$D$5:$AD$50,3,FALSE)),"",(VLOOKUP($D54,BDD!$D$5:$AD$50,4,FALSE))) | I54: =IF(ISERROR(VLOOKUP($D54,BDD!$D$28:$AD$50,5,FALSE)),"",(VLOOKUP($D54,BDD!$D$28:$AD$50,5,FALSE))) | J54: =IF(ISERROR(VLOOKUP($D54,BDD!$D$28:$AD$50,6,FALSE)),"",(VLOOKUP($D54,BDD!$D$28:$AD$50,6,FALSE))) | K54: =IF(ISERROR(VLOOKUP($D54,BDD!$D$28:$AD$50,7,FALSE)),"",(VLOOKUP($D54,BDD!$D$28:$AD$50,7,FALSE))) | L54: =IF(ISERROR(VLOOKUP($D54,BDD!$D$28:$AD$50,8,FALSE)),"",(VLOOKUP($D54,BDD!$D$28:$AD$50,8,FALSE))) | M54: =IF(ISERROR(VLOOKUP($D54,BDD!$D$28:$AD$50,9,FALSE)),"",(VLOOKUP($D54,BDD!$D$28:$AD$50,9,FALSE))) | N54: =IF(ISERROR(VLOOKUP($D54,BDD!$D$28:$AD$50,10,FALSE)),"",(VLOOKUP($D54,BDD!$D$28:$AD$50,10,FALSE))) | O54: =IF(ISERROR(VLOOKUP($D54,BDD!$D$28:$AD$50,11,FALSE)),"",(VLOOKUP($D54,BDD!$D$28:$AD$50,11,FALSE))) | P54: =IF(ISERROR(VLOOKUP($D54,BDD!$D$28:$AD$50,12,FALSE)),"",(VLOOKUP($D54,BDD!$D$28:$AD$50,12,FALSE))) | Q54: =IF(ISERROR(VLOOKUP($D54,BDD!$D$28:$AD$50,13,FALSE)),"",(VLOOKUP($D54,BDD!$D$28:$AD$50,13,FALSE))) | R54: =IF(ISERROR(VLOOKUP($D54,BDD!$D$28:$AD$50,14,FALSE)),"",(VLOOKUP($D54,BDD!$D$28:$AD$50,14,FALSE))) | S54: =IF(ISERROR(VLOOKUP($D54,BDD!$D$28:$AD$50,15,FALSE)),"",(VLOOKUP($D54,BDD!$D$28:$AD$50,15,FALSE))) | T54: =IF(ISERROR(VLOOKUP($D54,BDD!$D$28:$AD$50,16,FALSE)),"",(VLOOKUP($D54,BDD!$D$28:$AD$50,16,FALSE))) | U54: =IF(ISERROR(VLOOKUP($D54,BDD!$D$28:$AD$50,17,FALSE)),"",(VLOOKUP($D54,BDD!$D$28:$AD$50,17,FALSE))) | V54: =IF(ISERROR(VLOOKUP($D54,BDD!$D$28:$AD$50,18,FALSE)),"",(VLOOKUP($D54,BDD!$D$28:$AD$50,18,FALSE))) | W54: =IF(ISERROR(VLOOKUP($D54,BDD!$D$28:$AD$50,19,FALSE)),"",(VLOOKUP($D54,BDD!$D$28:$AD$50,19,FALSE))) | X54: =IF(ISERROR(VLOOKUP($D54,BDD!$D$28:$AD$50,20,FALSE)),"",(VLOOKUP($D54,BDD!$D$28:$AD$50,20,FALSE))) | Y54: =IF(ISERROR(VLOOKUP($D54,BDD!$D$28:$AD$50,21,FALSE)),"",(VLOOKUP($D54,BDD!$D$28:$AD$50,21,FALSE))) | Z54: =IF(ISERROR(VLOOKUP($D54,BDD!$D$28:$AD$50,22,FALSE)),"",(VLOOKUP($D54,BDD!$D$28:$AD$50,22,FALSE))) | AA54: =IF(ISERROR(VLOOKUP($D55,BDD!$D$28:$AD$50,23,FALSE)),"",(VLOOKUP($D55,BDD!$D$28:$AD$50,23,FALSE)))
E55: =IF(ISERROR(VLOOKUP($D55,BDD!$D$28:$AD$50,1,FALSE)),"",(VLOOKUP($D55,BDD!$D$28:$AD$50,2,FALSE))) | H55: =IF(ISERROR(VLOOKUP($D55,BDD!$D$5:$AD$50,3,FALSE)),"",(VLOOKUP($D55,BDD!$D$5:$AD$50,4,FALSE))) | I55: =IF(ISERROR(VLOOKUP($D55,BDD!$D$28:$AD$50,5,FALSE)),"",(VLOOKUP($D55,BDD!$D$28:$AD$50,5,FALSE))) | J55: =IF(ISERROR(VLOOKUP($D55,BDD!$D$28:$AD$50,6,FALSE)),"",(VLOOKUP($D55,BDD!$D$28:$AD$50,6,FALSE))) | K55: =IF(ISERROR(VLOOKUP($D55,BDD!$D$28:$AD$50,7,FALSE)),"",(VLOOKUP($D55,BDD!$D$28:$AD$50,7,FALSE))) | L55: =IF(ISERROR(VLOOKUP($D55,BDD!$D$28:$AD$50,8,FALSE)),"",(VLOOKUP($D55,BDD!$D$28:$AD$50,8,FALSE))) | M55: =IF(ISERROR(VLOOKUP($D55,BDD!$D$28:$AD$50,9,FALSE)),"",(VLOOKUP($D55,BDD!$D$28:$AD$50,9,FALSE))) | N55: =IF(ISERROR(VLOOKUP($D55,BDD!$D$28:$AD$50,10,FALSE)),"",(VLOOKUP($D55,BDD!$D$28:$AD$50,10,FALSE))) | O55: =IF(ISERROR(VLOOKUP($D55,BDD!$D$28:$AD$50,11,FALSE)),"",(VLOOKUP($D55,BDD!$D$28:$AD$50,11,FALSE))) | P55: =IF(ISERROR(VLOOKUP($D55,BDD!$D$28:$AD$50,12,FALSE)),"",(VLOOKUP($D55,BDD!$D$28:$AD$50,12,FALSE))) | Q55: =IF(ISERROR(VLOOKUP($D55,BDD!$D$28:$AD$50,13,FALSE)),"",(VLOOKUP($D55,BDD!$D$28:$AD$50,13,FALSE))) | R55: =IF(ISERROR(VLOOKUP($D55,BDD!$D$28:$AD$50,14,FALSE)),"",(VLOOKUP($D55,BDD!$D$28:$AD$50,14,FALSE))) | S55: =IF(ISERROR(VLOOKUP($D55,BDD!$D$28:$AD$50,15,FALSE)),"",(VLOOKUP($D55,BDD!$D$28:$AD$50,15,FALSE))) | T55: =IF(ISERROR(VLOOKUP($D55,BDD!$D$28:$AD$50,16,FALSE)),"",(VLOOKUP($D55,BDD!$D$28:$AD$50,16,FALSE))) | U55: =IF(ISERROR(VLOOKUP($D55,BDD!$D$28:$AD$50,17,FALSE)),"",(VLOOKUP($D55,BDD!$D$28:$AD$50,17,FALSE))) | V55: =IF(ISERROR(VLOOKUP($D55,BDD!$D$28:$AD$50,18,FALSE)),"",(VLOOKUP($D55,BDD!$D$28:$AD$50,18,FALSE))) | W55: =IF(ISERROR(VLOOKUP($D55,BDD!$D$28:$AD$50,19,FALSE)),"",(VLOOKUP($D55,BDD!$D$28:$AD$50,19,FALSE))) | X55: =IF(ISERROR(VLOOKUP($D55,BDD!$D$28:$AD$50,20,FALSE)),"",(VLOOKUP($D55,BDD!$D$28:$AD$50,20,FALSE))) | Y55: =IF(ISERROR(VLOOKUP($D55,BDD!$D$28:$AD$50,21,FALSE)),"",(VLOOKUP($D55,BDD!$D$28:$AD$50,21,FALSE))) | Z55: =IF(ISERROR(VLOOKUP($D55,BDD!$D$28:$AD$50,22,FALSE)),"",(VLOOKUP($D55,BDD!$D$28:$AD$50,22,FALSE))) | AA55: =IF(ISERROR(VLOOKUP($D56,BDD!$D$28:$AD$50,23,FALSE)),"",(VLOOKUP($D56,BDD!$D$28:$AD$50,23,FALSE))) | AB55: =AA55*(1-$AB$1) -> #VALUE! | AC55: =AB55*G56 -> #VALUE!
E56: =IF(ISERROR(VLOOKUP($D56,BDD!$D$28:$AD$50,1,FALSE)),"",(VLOOKUP($D56,BDD!$D$28:$AD$50,2,FALSE))) | H56: =IF(ISERROR(VLOOKUP($D56,BDD!$D$5:$AD$50,3,FALSE)),"",(VLOOKUP($D56,BDD!$D$5:$AD$50,4,FALSE))) | I56: =IF(ISERROR(VLOOKUP($D56,BDD!$D$28:$AD$50,5,FALSE)),"",(VLOOKUP($D56,BDD!$D$28:$AD$50,5,FALSE))) | J56: =IF(ISERROR(VLOOKUP($D56,BDD!$D$28:$AD$50,6,FALSE)),"",(VLOOKUP($D56,BDD!$D$28:$AD$50,6,FALSE))) | K56: =IF(ISERROR(VLOOKUP($D56,BDD!$D$28:$AD$50,7,FALSE)),"",(VLOOKUP($D56,BDD!$D$28:$AD$50,7,FALSE))) | L56: =IF(ISERROR(VLOOKUP($D56,BDD!$D$28:$AD$50,8,FALSE)),"",(VLOOKUP($D56,BDD!$D$28:$AD$50,8,FALSE))) | M56: =IF(ISERROR(VLOOKUP($D56,BDD!$D$28:$AD$50,9,FALSE)),"",(VLOOKUP($D56,BDD!$D$28:$AD$50,9,FALSE))) | N56: =IF(ISERROR(VLOOKUP($D56,BDD!$D$28:$AD$50,10,FALSE)),"",(VLOOKUP($D56,BDD!$D$28:$AD$50,10,FALSE))) | O56: =IF(ISERROR(VLOOKUP($D56,BDD!$D$28:$AD$50,11,FALSE)),"",(VLOOKUP($D56,BDD!$D$28:$AD$50,11,FALSE))) | P56: =IF(ISERROR(VLOOKUP($D56,BDD!$D$28:$AD$50,12,FALSE)),"",(VLOOKUP($D56,BDD!$D$28:$AD$50,12,FALSE))) | Q56: =IF(ISERROR(VLOOKUP($D56,BDD!$D$28:$AD$50,13,FALSE)),"",(VLOOKUP($D56,BDD!$D$28:$AD$50,13,FALSE))) | R56: =IF(ISERROR(VLOOKUP($D56,BDD!$D$28:$AD$50,14,FALSE)),"",(VLOOKUP($D56,BDD!$D$28:$AD$50,14,FALSE))) | S56: =IF(ISERROR(VLOOKUP($D56,BDD!$D$28:$AD$50,15,FALSE)),"",(VLOOKUP($D56,BDD!$D$28:$AD$50,15,FALSE))) | T56: =IF(ISERROR(VLOOKUP($D56,BDD!$D$28:$AD$50,16,FALSE)),"",(VLOOKUP($D56,BDD!$D$28:$AD$50,16,FALSE))) | U56: =IF(ISERROR(VLOOKUP($D56,BDD!$D$28:$AD$50,17,FALSE)),"",(VLOOKUP($D56,BDD!$D$28:$AD$50,17,FALSE))) | V56: =IF(ISERROR(VLOOKUP($D56,BDD!$D$28:$AD$50,18,FALSE)),"",(VLOOKUP($D56,BDD!$D$28:$AD$50,18,FALSE))) | W56: =IF(ISERROR(VLOOKUP($D56,BDD!$D$28:$AD$50,19,FALSE)),"",(VLOOKUP($D56,BDD!$D$28:$AD$50,19,FALSE))) | X56: =IF(ISERROR(VLOOKUP($D56,BDD!$D$28:$AD$50,20,FALSE)),"",(VLOOKUP($D56,BDD!$D$28:$AD$50,20,FALSE))) | Y56: =IF(ISERROR(VLOOKUP($D56,BDD!$D$28:$AD$50,21,FALSE)),"",(VLOOKUP($D56,BDD!$D$28:$AD$50,21,FALSE))) | Z56: =IF(ISERROR(VLOOKUP($D56,BDD!$D$28:$AD$50,22,FALSE)),"",(VLOOKUP($D56,BDD!$D$28:$AD$50,22,FALSE))) | AA56: =IF(ISERROR(VLOOKUP($D57,BDD!$D$28:$AD$50,23,FALSE)),"",(VLOOKUP($D57,BDD!$D$28:$AD$50,23,FALSE))) | AC56: =SUM(AC5:AC54) -> #VALUE!
E57: =IF(ISERROR(VLOOKUP($D57,BDD!$D$28:$AD$50,1,FALSE)),"",(VLOOKUP($D57,BDD!$D$28:$AD$50,2,FALSE))) | H57: =IF(ISERROR(VLOOKUP($D57,BDD!$D$5:$AD$50,3,FALSE)),"",(VLOOKUP($D57,BDD!$D$5:$AD$50,4,FALSE))) | I57: =IF(ISERROR(VLOOKUP($D57,BDD!$D$28:$AD$50,5,FALSE)),"",(VLOOKUP($D57,BDD!$D$28:$AD$50,5,FALSE))) | J57: =IF(ISERROR(VLOOKUP($D57,BDD!$D$28:$AD$50,6,FALSE)),"",(VLOOKUP($D57,BDD!$D$28:$AD$50,6,FALSE))) | K57: =IF(ISERROR(VLOOKUP($D57,BDD!$D$28:$AD$50,7,FALSE)),"",(VLOOKUP($D57,BDD!$D$28:$AD$50,7,FALSE))) | L57: =IF(ISERROR(VLOOKUP($D57,BDD!$D$28:$AD$50,8,FALSE)),"",(VLOOKUP($D57,BDD!$D$28:$AD$50,8,FALSE))) | M57: =IF(ISERROR(VLOOKUP($D57,BDD!$D$28:$AD$50,9,FALSE)),"",(VLOOKUP($D57,BDD!$D$28:$AD$50,9,FALSE))) | N57: =IF(ISERROR(VLOOKUP($D57,BDD!$D$28:$AD$50,10,FALSE)),"",(VLOOKUP($D57,BDD!$D$28:$AD$50,10,FALSE))) | O57: =IF(ISERROR(VLOOKUP($D57,BDD!$D$28:$AD$50,11,FALSE)),"",(VLOOKUP($D57,BDD!$D$28:$AD$50,11,FALSE))) | P57: =IF(ISERROR(VLOOKUP($D57,BDD!$D$28:$AD$50,12,FALSE)),"",(VLOOKUP($D57,BDD!$D$28:$AD$50,12,FALSE))) | Q57: =IF(ISERROR(VLOOKUP($D57,BDD!$D$28:$AD$50,13,FALSE)),"",(VLOOKUP($D57,BDD!$D$28:$AD$50,13,FALSE))) | R57: =IF(ISERROR(VLOOKUP($D57,BDD!$D$28:$AD$50,14,FALSE)),"",(VLOOKUP($D57,BDD!$D$28:$AD$50,14,FALSE))) | S57: =IF(ISERROR(VLOOKUP($D57,BDD!$D$28:$AD$50,15,FALSE)),"",(VLOOKUP($D57,BDD!$D$28:$AD$50,15,FALSE))) | T57: =IF(ISERROR(VLOOKUP($D57,BDD!$D$28:$AD$50,16,FALSE)),"",(VLOOKUP($D57,BDD!$D$28:$AD$50,16,FALSE))) | U57: =IF(ISERROR(VLOOKUP($D57,BDD!$D$28:$AD$50,17,FALSE)),"",(VLOOKUP($D57,BDD!$D$28:$AD$50,17,FALSE))) | V57: =IF(ISERROR(VLOOKUP($D57,BDD!$D$28:$AD$50,18,FALSE)),"",(VLOOKUP($D57,BDD!$D$28:$AD$50,18,FALSE))) | W57: =IF(ISERROR(VLOOKUP($D57,BDD!$D$28:$AD$50,19,FALSE)),"",(VLOOKUP($D57,BDD!$D$28:$AD$50,19,FALSE))) | X57: =IF(ISERROR(VLOOKUP($D57,BDD!$D$28:$AD$50,20,FALSE)),"",(VLOOKUP($D57,BDD!$D$28:$AD$50,20,FALSE))) | Y57: =IF(ISERROR(VLOOKUP($D57,BDD!$D$28:$AD$50,21,FALSE)),"",(VLOOKUP($D57,BDD!$D$28:$AD$50,21,FALSE))) | Z57: =IF(ISERROR(VLOOKUP($D57,BDD!$D$28:$AD$50,22,FALSE)),"",(VLOOKUP($D57,BDD!$D$28:$AD$50,22,FALSE))) | AC57: =SUM(AE7:AE54) -> #VALUE!
D58: TOTAL GENERAL FLUIDES HORS FOISONNEMENT | I58: kW | J58: =SUM(J7:J55) -> 29 | L58: kW | M58: =SUM(M7:M55) -> 32 | O58: kW | P58: =SUM(P7:P55) -> 35 | AC58: =AC57 -> #VALUE!
D59: TOTAL FOURNITURE EQUIPEMENTS CUISINE HT | H59: =AC56 -> #VALUE! | AC59: =AC58+AC56 -> #VALUE!
D60: Forfait installation des équipements neufs | H60: =AC57 -> #VALUE!
D61: TOTAL MAIN D'ŒUVRE HT | H61: =AC58 -> #VALUE!
D62: TOTAL GENERAL HT | H62: =AC59 -> #VALUE!
D63: PRINCIPE DES ATTENTES ELECTRIQUES
D64: Données à titre indicatif, le plan de réservations de l'installeur
D65: titulaire du lot CUISINE fera foi.
C67: CS | D67: Cable au sol, 2 mètres de mou
C68: CM | D68: Cable mural à 1,4 mètres, 2 mètres de mou
C69: CM1 | D69: Cable mural à 0,4 mètres, 2 mètres de mou
C70: CP | D70: Cable en attente au plafond, 3 - 5 mètres de mou
C71: CT | D71: Sortie de cable au sol en Terrasse
C72: PM | D72: Prise sur meuble
C73: P0 | D73: Prise de courant à 0,3 mètre
C74: P1 | D74: Prise de courant étanche à 0,6 mètre
C75: P2 | D75: Prise de courant étanche à 1,2 mètre
C76: P3 | D76: Prise de courant étanche à 1,8 mètre
C77: P4 | D77: Prise de courant étanche à 2,1 mètre
C78: P5 | D78: Prise de courant au plafond
... C80: B2 | D80: Boitier mural de raccordement étanche hauteur 1,2 mètres
D82: PRINCIPE DES ATTENTES PLOMBERIE
D83: Données à titre indicatif, le plan de réservations de l'installeur
D84: titulaire du lot CUISINE fera foi.
C86: R1 | D86: Robinet d'arrêt à 15 cm du sol fini
C87: R2 | D87: Robinet d'arrêt à 40 cm du sol fini
C88: R3 | D88: Robinet de barrage à 15 cm du sol fini
C89: R4 | D89: Robinet d'arrêt à 70 cm du sol fini sur mitigeur
C90: V | D90: Vidange femelle non siphonnée à 15 cm du sol fini
C91: V1 | D91: Vidange femelle siphonnée sous dalle
C92: V2 | D92: Vidange femelle sous dalle

Sheet BUDGET
G1: Remise estimée à : | H1: 0.15 | I1: ='LISTING EQUIPEMENTS'!L1 -> Affaire :
A4: LOCAL | B4: REP | C4: DESIGNATION | D4: NOTA | E4: B,O,R | F4: Qté. | G4: PRIX PUBLIC HT | H4: PRIX VENDU HT | I4: PRIX REMISÉ HT | J4: MAIN D'ŒUVRE | K4: PRIX | L4: PRIX UNITAIRE OPTION | M4: PRIX TOTAL OPTION
B5: ='LISTING EQUIPEMENTS'!C5 -> 0 | C5: =Tableau1[[#This Row],[Colonne2]] -> LOCAL DECHETS | D5: =Tableau1[[#This Row],[Colonne3]] -> 1 | E5: =Tableau1[[#This Row],[Colonne4]] -> 2 | F5: =Tableau1[[#This Row],[Colonne5]] -> 3 | G5: =Tableau1[[#This Row],[Colonne6]] -> 4 | H5: =IFERROR(Tableau1[[#This Row],[Colonne6]]*(1-$H$1),"") -> 3.4 | I5: =IFERROR(Tableau3[[#This Row],[Colonne5]]*(Tableau3[[#This Row],[Colonne7]]),"") -> 10.2 | J5: 0.07 | K5: =IFERROR(Tableau3[[#This Row],[Colonne8]]*(Tableau3[[#This Row],[Colonne9]]),"") -> 0.714
B6: ='LISTING EQUIPEMENTS'!C7 -> 0 | C6: =Tableau1[[#This Row],[Colonne2]] -> 0 | D6: =Tableau1[[#This Row],[Colonne3]] -> 0 | E6: =Tableau1[[#This Row],[Colonne4]] -> 0 | F6: =Tableau1[[#This Row],[Colonne5]] -> 0 | G6: =Tableau1[[#This Row],[Colonne6]] -> 0 | H6: =IFERROR(Tableau1[[#This Row],[Colonne6]]*(1-$H$1),"") -> 0 | I6: =IFERROR(Tableau3[[#This Row],[Colonne5]]*(Tableau3[[#This Row],[Colonne7]]),"") -> 0 | J6: 0.07 | K6: =IFERROR(Tableau3[[#This Row],[Colonne8]]*(Tableau3[[#This Row],[Colonne9]]),"") -> 0
B7: ='LISTING EQUIPEMENTS'!C8 -> 0 | C7: =Tableau1[[#This Row],[Colonne2]] -> BUREAU | D7: =Tableau1[[#This Row],[Colonne3]] -> 24 | E7: =Tableau1[[#This Row],[Colonne4]] -> 25 | F7: =Tableau1[[#This Row],[Colonne5]] -> 26 | G7: =Tableau1[[#This Row],[Colonne6]] -> 27 | H7: =IFERROR(Tableau1[[#This Row],[Colonne6]]*(1-$H$1),"") -> 22.95 | I7: =IFERROR(Tableau3[[#This Row],[Colonne5]]*(Tableau3[[#This Row],[Colonne7]]),"") -> 596.7 | J7: 0.07 | K7: =IFERROR(Tableau3[[#This Row],[Colonne8]]*(Tableau3[[#This Row],[Colonne9]]),"") -> 41.769
B8: ='LISTING EQUIPEMENTS'!C9 -> 0 | C8: =Tableau1[[#This Row],[Colonne2]] -> 0 | D8: =Tableau1[[#This Row],[Colonne3]] | E8: =Tableau1[[#This Row],[Colonne4]] -> 0 | F8: =Tableau1[[#This Row],[Colonne5]] -> 0 | G8: =Tableau1[[#This Row],[Colonne6]] | H8: =IFERROR(Tableau1[[#This Row],[Colonne6]]*(1-$H$1),"") | I8: =IFERROR(Tableau3[[#This Row],[Colonne5]]*(Tableau3[[#This Row],[Colonne7]]),"") | J8: 0.07 | K8: =IFERROR(Tableau3[[#This Row],[Colonne8]]*(Tableau3[[#This Row],[Colonne9]]),"")
B9: ='LISTING EQUIPEMENTS'!C10 -> 0 | C9: =Tableau1[[#This Row],[Colonne2]] -> 0 | D9: =Tableau1[[#This Row],[Colonne3]] | E9: =Tableau1[[#This Row],[Colonne4]] -> 0 | F9: =Tableau1[[#This Row],[Colonne5]] -> 0 | G9: =Tableau1[[#This Row],[Colonne6]] | H9: =IFERROR(Tableau1[[#This Row],[Colonne6]]*(1-$H$1),"") | I9: =IFERROR(Tableau3[[#This Row],[Colonne5]]*(Tableau3[[#This Row],[Colonne7]]),"") | J9: 0.07 | K9: =IFERROR(Tableau3[[#This Row],[Colonne8]]*(Tableau3[[#This Row],[Colonne9]]),"")
B10: ='LISTING EQUIPEMENTS'!C11 -> 0 | C10: =Tableau1[[#This Row],[Colonne2]] -> 0 | D10: =Tableau1[[#This Row],[Colonne3]] | E10: =Tableau1[[#This Row],[Colonne4]] -> 0 | F10: =Tableau1[[#This Row],[Colonne5]] -> 0 | G10: =Tableau1[[#This Row],[Colonne6]] | H10: =IFERROR(Tableau1[[#This Row],[Colonne6]]*(1-$H$1),"") | I10: =IFERROR(Tableau3[[#This Row],[Colonne5]]*(Tableau3[[#This Row],[Colonne7]]),"") | J10: 0.07 | K10: =IFERROR(Tableau3[[#This Row],[Colonne8]]*(Tableau3[[#This Row],[Colonne9]]),"")
C11: =Tableau1[[#This Row],[Colonne2]] -> 0 | D11: =Tableau1[[#This Row],[Colonne3]] | E11: =Tableau1[[#This Row],[Colonne4]] -> 0 | F11: =Tableau1[[#This Row],[Colonne5]] -> 0 | G11: =Tableau1[[#This Row],[Colonne6]] | H11: =IFERROR(Tableau1[[#This Row],[Colonne6]]*(1-$H$1),"") | I11: =IFERROR(Tableau3[[#This Row],[Colonne5]]*(Tableau3[[#This Row],[Colonne7]]),"") | J11: 0.07 | K11: =IFERROR(Tableau3[[#This Row],[Colonne8]]*(Tableau3[[#This Row],[Colonne9]]),"")
B12: ='LISTING EQUIPEMENTS'!C12 -> 0 | C12: =Tableau1[[#This Row],[Colonne2]] -> 0 | D12: =Tableau1[[#This Row],[Colonne3]] | E12: =Tableau1[[#This Row],[Colonne4]] -> 0 | F12: =Tableau1[[#This Row],[Colonne5]] -> 0 | G12: =Tableau1[[#This Row],[Colonne6]] | H12: =IFERROR(Tableau1[[#This Row],[Colonne6]]*(1-$H$1),"") | I12: =IFERROR(Tableau3[[#This Row],[Colonne5]]*(Tableau3[[#This Row],[Colonne7]]),"") | J12: 0.07 | K12: =IFERROR(Tableau3[[#This Row],[Colonne8]]*(Tableau3[[#This Row],[Colonne9]]),"")
B13: ='LISTING EQUIPEMENTS'!C13 -> 0 | C13: =Tableau1[[#This Row],[Colonne2]] -> 0 | D13: =Tableau1[[#This Row],[Colonne3]] | E13: =Tableau1[[#This Row],[Colonne4]] -> 0 | F13: =Tableau1[[#This Row],[Colonne5]] -> 0 | G13: =Tableau1[[#This Row],[Colonne6]] | H13: =IFERROR(Tableau1[[#This Row],[Colonne6]]*(1-$H$1),"") | I13: =IFERROR(Tableau3[[#This Row],[Colonne5]]*(Tableau3[[#This Row],[Colonne7]]),"") | J13: 0.07 | K13: =IFERROR(Tableau3[[#This Row],[Colonne8]]*(Tableau3[[#This Row],[Colonne9]]),"")
B14: ='LISTING EQUIPEMENTS'!C14 -> 0 | C14: =Tableau1[[#This Row],[Colonne2]] -> 0 | D14: =Tableau1[[#This Row],[Colonne3]] | E14: =Tableau1[[#This Row],[Colonne4]] -> 0 | F14: =Tableau1[[#This Row],[Colonne5]] -> 0 | G14: =Tableau1[[#This Row],[Colonne6]] | H14: =IFERROR(Tableau1[[#This Row],[Colonne6]]*(1-$H$1),"") | I14: =IFERROR(Tableau3[[#This Row],[Colonne5]]*(Tableau3[[#This Row],[Colonne7]]),"") | J14: 0.07 | K14: =IFERROR(Tableau3[[#This Row],[Colonne8]]*(Tableau3[[#This Row],[Colonne9]]),"")
B15: ='LISTING EQUIPEMENTS'!C15 -> 0 | C15: =Tableau1[[#This Row],[Colonne2]] -> 0 | D15: =Tableau1[[#This Row],[Colonne3]] | E15: =Tableau1[[#This Row],[Colonne4]] -> 0 | F15: =Tableau1[[#This Row],[Colonne5]] -> 0 | G15: =Tableau1[[#This Row],[Colonne6]] | H15: =IFERROR(Tableau1[[#This Row],[Colonne6]]*(1-$H$1),"") | I15: =IFERROR(Tableau3[[#This Row],[Colonne5]]*(Tableau3[[#This Row],[Colonne7]]),"") | J15: 0.07 | K15: =IFERROR(Tableau3[[#This Row],[Colonne8]]*(Tableau3[[#This Row],[Colonne9]]),"")
B16: ='LISTING EQUIPEMENTS'!C16 -> 0 | C16: =Tableau1[[#This Row],[Colonne2]] -> 0 | D16: =Tableau1[[#This Row],[Colonne3]] | E16: =Tableau1[[#This Row],[Colonne4]] -> 0 | F16: =Tableau1[[#This Row],[Colonne5]] -> 0 | G16: =Tableau1[[#This Row],[Colonne6]] | H16: =IFERROR(Tableau1[[#This Row],[Colonne6]]*(1-$H$1),"") | I16: =IFERROR(Tableau3[[#This Row],[Colonne5]]*(Tableau3[[#This Row],[Colonne7]]),"") | J16: 0.07 | K16: =IFERROR(Tableau3[[#This Row],[Colonne8]]*(Tableau3[[#This Row],[Colonne9]]),"")
B17: ='LISTING EQUIPEMENTS'!C17 -> 0 | C17: =Tableau1[[#This Row],[Colonne2]] -> 0 | D17: =Tableau1[[#This Row],[Colonne3]] | E17: =Tableau1[[#This Row],[Colonne4]] -> 0 | F17: =Tableau1[[#This Row],[Colonne5]] -> 0 | G17: =Tableau1[[#This Row],[Colonne6]] | H17: =IFERROR(Tableau1[[#This Row],[Colonne6]]*(1-$H$1),"") | I17: =IFERROR(Tableau3[[#This Row],[Colonne5]]*(Tableau3[[#This Row],[Colonne7]]),"") | J17: 0.07 | K17: =IFERROR(Tableau3[[#This Row],[Colonne8]]*(Tableau3[[#This Row],[Colonne9]]),"")
B18: ='LISTING EQUIPEMENTS'!C18 -> 0 | C18: =Tableau1[[#This Row],[Colonne2]] -> 0 | D18: =Tableau1[[#This Row],[Colonne3]] | E18: =Tableau1[[#This Row],[Colonne4]] -> 0 | F18: =Tableau1[[#This Row],[Colonne5]] -> 0 | G18: =Tableau1[[#This Row],[Colonne6]] | H18: =IFERROR(Tableau1[[#This Row],[Colonne6]]*(1-$H$1),"") | I18: =IFERROR(Tableau3[[#This Row],[Colonne5]]*(Tableau3[[#This Row],[Colonne7]]),"") | J18: 0.07 | K18: =IFERROR(Tableau3[[#This Row],[Colonne8]]*(Tableau3[[#This Row],[Colonne9]]),"")
B19: ='LISTING EQUIPEMENTS'!C19 -> 0 | C19: =Tableau1[[#This Row],[Colonne2]] -> 0 | D19: =Tableau1[[#This Row],[Colonne3]] | E19: =Tableau1[[#This Row],[Colonne4]] -> 0 | F19: =Tableau1[[#This Row],[Colonne5]] -> 0 | G19: =Tableau1[[#This Row],[Colonne6]] | H19: =IFERROR(Tableau1[[#This Row],[Colonne6]]*(1-$H$1),"") | I19: =IFERROR(Tableau3[[#This Row],[Colonne5]]*(Tableau3[[#This Row],[Colonne7]]),"") | J19: 0.07 | K19: =IFERROR(Tableau3[[#This Row],[Colonne8]]*(Tableau3[[#This Row],[Colonne9]]),"")
B20: ='LISTING EQUIPEMENTS'!C20 -> 0 | C20: =Tableau1[[#This Row],[Colonne2]] -> 0 | D20: =Tableau1[[#This Row],[Colonne3]] | E20: =Tableau1[[#This Row],[Colonne4]] -> 0 | F20: =Tableau1[[#This Row],[Colonne5]] -> 0 | G20: =Tableau1[[#This Row],[Colonne6]] | H20: =IFERROR(Tableau1[[#This Row],[Colonne6]]*(1-$H$1),"") | I20: =IFERROR(Tableau3[[#This Row],[Colonne5]]*(Tableau3[[#This Row],[Colonne7]]),"") | J20: 0.07 | K20: =IFERROR(Tableau3[[#This Row],[Colonne8]]*(Tableau3[[#This Row],[Colonne9]]),"")
B21: ='LISTING EQUIPEMENTS'!C21 -> 0 | C21: =Tableau1[[#This Row],[Colonne2]] -> 0 | D21: =Tableau1[[#This Row],[Colonne3]] | E21: =Tableau1[[#This Row],[Colonne4]] -> 0 | F21: =Tableau1[[#This Row],[Colonne5]] -> 0 | G21: =Tableau1[[#This Row],[Colonne6]] | H21: =IFERROR(Tableau1[[#This Row],[Colonne6]]*(1-$H$1),"") | I21: =IFERROR(Tableau3[[#This Row],[Colonne5]]*(Tableau3[[#This Row],[Colonne7]]),"") | J21: 0.07 | K21: =IFERROR(Tableau3[[#This Row],[Colonne8]]*(Tableau3[[#This Row],[Colonne9]]),"")
B22: ='LISTING EQUIPEMENTS'!C22 -> 0 | C22: =Tableau1[[#This Row],[Colonne2]] -> 0 | D22: =Tableau1[[#This Row],[Colonne3]] | E22: =Tableau1[[#This Row],[Colonne4]] -> 0 | F22: =Tableau1[[#This Row],[Colonne5]] -> 0 | G22: =Tableau1[[#This Row],[Colonne6]] | H22: =IFERROR(Tableau1[[#This Row],[Colonne6]]*(1-$H$1),"") | I22: =IFERROR(Tableau3[[#This Row],[Colonne5]]*(Tableau3[[#This Row],[Colonne7]]),"") | J22: 0.07 | K22: =IFERROR(Tableau3[[#This Row],[Colonne8]]*(Tableau3[[#This Row],[Colonne9]]),"")
B23: ='LISTING EQUIPEMENTS'!C23 -> 0 | C23: =Tableau1[[#This Row],[Colonne2]] -> 0 | D23: =Tableau1[[#This Row],[Colonne3]] | E23: =Tableau1[[#This Row],[Colonne4]] -> 0 | F23: =Tableau1[[#This Row],[Colonne5]] -> 0 | G23: =Tableau1[[#This Row],[Colonne6]] | H23: =IFERROR(Tableau1[[#This Row],[Colonne6]]*(1-$H$1),"") | I23: =IFERROR(Tableau3[[#This Row],[Colonne5]]*(Tableau3[[#This Row],[Colonne7]]),"") | J23: 0.07 | K23: =IFERROR(Tableau3[[#This Row],[Colonne8]]*(Tableau3[[#This Row],[Colonne9]]),"")
... B56: ='LISTING EQUIPEMENTS'!C56 -> 0 | C56: =Tableau1[[#This Row],[Colonne2]] -> 0 | D56: =Tableau1[[#This Row],[Colonne3]] | E56: =Tableau1[[#This Row],[Colonne4]] -> 0 | F56: =Tableau1[[#This Row],[Colonne5]] -> 0 | G56: =Tableau1[[#This Row],[Colonne6]] | H56: =IFERROR(Tableau1[[#This Row],[Colonne6]]*(1-$H$1),"") | I56: =IFERROR(Tableau3[[#This Row],[Colonne5]]*(Tableau3[[#This Row],[Colonne7]]),"") | J56: 0.07 | K56: =IFERROR(Tableau3[[#This Row],[Colonne8]]*(Tableau3[[#This Row],[Colonne9]]),"")

Sheet DPGF
G1: ='LISTING EQUIPEMENTS'!L1 -> Affaire :
B4: REP | C4: DESIGNATION | D4: Qté. | E4: NOTA | F4: B,O,R | G4: MARQUES | H4: REFERENCES | I4: PRIX UNITAIRE | J4: PRIX TOTAL | K4: PRIX UNITAIRE OPTION | L4: PRIX TOTAL OPTION
B5: ='LISTING EQUIPEMENTS'!C5 -> 0 | C5: ='LISTING EQUIPEMENTS'!D5 -> LOCAL DECHETS | D5: ='LISTING EQUIPEMENTS'!G5 -> 3 | E5: ='LISTING EQUIPEMENTS'!E5 -> 1 | F5: =Tableau1[[#This Row],[Colonne4]] -> 2 | I5: ='LISTING EQUIPEMENTS'!AA5 -> 23 | J5: ='LISTING EQUIPEMENTS'!AB5 -> 19.55
B6: ='LISTING EQUIPEMENTS'!C7 -> 0 | C6: ='LISTING EQUIPEMENTS'!D7 -> BUREAU | D6: ='LISTING EQUIPEMENTS'!G7 -> 26 | E6: ='LISTING EQUIPEMENTS'!E7 -> 24 | F6: =Tableau1[[#This Row],[Colonne4]] -> 0 | I6: ='LISTING EQUIPEMENTS'!AA7 -> 46 | J6: ='LISTING EQUIPEMENTS'!AB7 -> 39.1
B7: ='LISTING EQUIPEMENTS'!C8 -> 0 | C7: ='LISTING EQUIPEMENTS'!D8 -> 0 | D7: ='LISTING EQUIPEMENTS'!G8 -> 0 | E7: ='LISTING EQUIPEMENTS'!E8 | F7: =Tableau1[[#This Row],[Colonne4]] -> 25 | I7: ='LISTING EQUIPEMENTS'!AA8 | J7: ='LISTING EQUIPEMENTS'!AB8 -> #VALUE!
B8: ='LISTING EQUIPEMENTS'!C9 -> 0 | C8: ='LISTING EQUIPEMENTS'!D9 -> 0 | D8: ='LISTING EQUIPEMENTS'!G9 -> 0 | E8: ='LISTING EQUIPEMENTS'!E9 | F8: =Tableau1[[#This Row],[Colonne4]] -> 0 | I8: ='LISTING EQUIPEMENTS'!AA9 | J8: ='LISTING EQUIPEMENTS'!AB9 -> #VALUE!
B9: ='LISTING EQUIPEMENTS'!C10 -> 0 | C9: ='LISTING EQUIPEMENTS'!D10 -> 0 | D9: ='LISTING EQUIPEMENTS'!G10 -> 0 | E9: ='LISTING EQUIPEMENTS'!E10 | F9: =Tableau1[[#This Row],[Colonne4]] -> 0 | I9: ='LISTING EQUIPEMENTS'!AA10 | J9: ='LISTING EQUIPEMENTS'!AB10 -> #VALUE!
B10: ='LISTING EQUIPEMENTS'!C11 -> 0 | C10: ='LISTING EQUIPEMENTS'!D11 -> 0 | D10: ='LISTING EQUIPEMENTS'!G11 -> 0 | E10: ='LISTING EQUIPEMENTS'!E11 | F10: =Tableau1[[#This Row],[Colonne4]] -> 0 | I10: ='LISTING EQUIPEMENTS'!AA11 | J10: ='LISTING EQUIPEMENTS'!AB11 -> #VALUE!
B11: ='LISTING EQUIPEMENTS'!#REF! -> #REF! | C11: ='LISTING EQUIPEMENTS'!#REF! -> #REF! | D11: ='LISTING EQUIPEMENTS'!#REF! -> #REF! | E11: ='LISTING EQUIPEMENTS'!#REF! -> #REF! | F11: =Tableau1[[#This Row],[Colonne4]] -> 0 | I11: ='LISTING EQUIPEMENTS'!#REF! -> #REF! | J11: ='LISTING EQUIPEMENTS'!#REF! -> #REF!
B12: ='LISTING EQUIPEMENTS'!C12 -> 0 | C12: ='LISTING EQUIPEMENTS'!D12 -> 0 | D12: ='LISTING EQUIPEMENTS'!G12 -> 0 | E12: ='LISTING EQUIPEMENTS'!E12 | F12: =Tableau1[[#This Row],[Colonne4]] -> 0 | I12: ='LISTING EQUIPEMENTS'!AA12 | J12: ='LISTING EQUIPEMENTS'!AB12 -> #VALUE!
B13: ='LISTING EQUIPEMENTS'!C13 -> 0 | C13: ='LISTING EQUIPEMENTS'!D13 -> 0 | D13: ='LISTING EQUIPEMENTS'!G13 -> 0 | E13: ='LISTING EQUIPEMENTS'!E13 | F13: =Tableau1[[#This Row],[Colonne4]] -> 0 | I13: ='LISTING EQUIPEMENTS'!AA13 | J13: ='LISTING EQUIPEMENTS'!AB13 -> #VALUE!
B14: ='LISTING EQUIPEMENTS'!C14 -> 0 | C14: ='LISTING EQUIPEMENTS'!D14 -> 0 | D14: ='LISTING EQUIPEMENTS'!G14 -> 0 | E14: ='LISTING EQUIPEMENTS'!E14 | F14: =Tableau1[[#This Row],[Colonne4]] -> 0 | I14: ='LISTING EQUIPEMENTS'!AA14 | J14: ='LISTING EQUIPEMENTS'!AB14 -> 0
B15: ='LISTING EQUIPEMENTS'!C15 -> 0 | C15: ='LISTING EQUIPEMENTS'!D15 -> 0 | D15: ='LISTING EQUIPEMENTS'!G15 -> 0 | E15: ='LISTING EQUIPEMENTS'!E15 | F15: =Tableau1[[#This Row],[Colonne4]] -> 0 | I15: ='LISTING EQUIPEMENTS'!AA15 | J15: ='LISTING EQUIPEMENTS'!AB15 -> 0
B16: ='LISTING EQUIPEMENTS'!C16 -> 0 | C16: ='LISTING EQUIPEMENTS'!D16 -> 0 | D16: ='LISTING EQUIPEMENTS'!G16 -> 0 | E16: ='LISTING EQUIPEMENTS'!E16 | F16: =Tableau1[[#This Row],[Colonne4]] -> 0 | I16: ='LISTING EQUIPEMENTS'!AA16 | J16: ='LISTING EQUIPEMENTS'!AB16 -> 0
B17: ='LISTING EQUIPEMENTS'!C17 -> 0 | C17: ='LISTING EQUIPEMENTS'!D17 -> 0 | D17: ='LISTING EQUIPEMENTS'!G17 -> 0 | E17: ='LISTING EQUIPEMENTS'!E17 | F17: =Tableau1[[#This Row],[Colonne4]] -> 0 | I17: ='LISTING EQUIPEMENTS'!AA17 | J17: ='LISTING EQUIPEMENTS'!AB17 -> 0
B18: ='LISTING EQUIPEMENTS'!C18 -> 0 | C18: ='LISTING EQUIPEMENTS'!D18 -> 0 | D18: ='LISTING EQUIPEMENTS'!G18 -> 0 | E18: ='LISTING EQUIPEMENTS'!E18 | F18: =Tableau1[[#This Row],[Colonne4]] -> 0 | I18: ='LISTING EQUIPEMENTS'!AA18 | J18: ='LISTING EQUIPEMENTS'!AB18 -> 0
B19: ='LISTING EQUIPEMENTS'!C19 -> 0 | C19: ='LISTING EQUIPEMENTS'!D19 -> 0 | D19: ='LISTING EQUIPEMENTS'!G19 -> 0 | E19: ='LISTING EQUIPEMENTS'!E19 | F19: =Tableau1[[#This Row],[Colonne4]] -> 0 | I19: ='LISTING EQUIPEMENTS'!AA19 | J19: ='LISTING EQUIPEMENTS'!AB19 -> 0
B20: ='LISTING EQUIPEMENTS'!C20 -> 0 | C20: ='LISTING EQUIPEMENTS'!D20 -> 0 | D20: ='LISTING EQUIPEMENTS'!G20 -> 0 | E20: ='LISTING EQUIPEMENTS'!E20 | F20: =Tableau1[[#This Row],[Colonne4]] -> 0 | I20: ='LISTING EQUIPEMENTS'!AA20 | J20: ='LISTING EQUIPEMENTS'!AB20 -> 0
B21: ='LISTING EQUIPEMENTS'!C21 -> 0 | C21: ='LISTING EQUIPEMENTS'!D21 -> 0 | D21: ='LISTING EQUIPEMENTS'!G21 -> 0 | E21: ='LISTING EQUIPEMENTS'!E21 | F21: =Tableau1[[#This Row],[Colonne4]] -> 0 | I21: ='LISTING EQUIPEMENTS'!AA21 | J21: ='LISTING EQUIPEMENTS'!AB21 -> 0
B22: ='LISTING EQUIPEMENTS'!C22 -> 0 | C22: ='LISTING EQUIPEMENTS'!D22 -> 0 | D22: ='LISTING EQUIPEMENTS'!G22 -> 0 | E22: ='LISTING EQUIPEMENTS'!E22 | F22: =Tableau1[[#This Row],[Colonne4]] -> 0 | I22: ='LISTING EQUIPEMENTS'!AA22 | J22: ='LISTING EQUIPEMENTS'!AB22 -> 0
B23: ='LISTING EQUIPEMENTS'!C23 -> 0 | C23: ='LISTING EQUIPEMENTS'!D23 -> 0 | D23: ='LISTING EQUIPEMENTS'!G23 -> 0 | E23: ='LISTING EQUIPEMENTS'!E23 | F23: =Tableau1[[#This Row],[Colonne4]] -> 0 | I23: ='LISTING EQUIPEMENTS'!AA23 | J23: ='LISTING EQUIPEMENTS'!AB23 -> 0
... B56: ='LISTING EQUIPEMENTS'!C56 -> 0 | C56: ='LISTING EQUIPEMENTS'!D56 -> 0 | D56: ='LISTING EQUIPEMENTS'!G56 -> 0 | E56: ='LISTING EQUIPEMENTS'!E56 | F56: =Tableau1[[#This Row],[Colonne4]] -> 0 | I56: ='LISTING EQUIPEMENTS'!AA56 | J56: ='LISTING EQUIPEMENTS'!AB56 -> 0

Sheet CCTP
A1: LOCAL | B1: REP | C1: DESIGNATION | D1: NOTA | E1: Qté. | F1: DIMENSIONS | G1: DESCRIPTIF
B5: ='LISTING EQUIPEMENTS'!C5 -> 0 | C5: ='LISTING EQUIPEMENTS'!D5 -> LOCAL DECHETS | D5: ='LISTING EQUIPEMENTS'!E5 -> 1 | E5: ='LISTING EQUIPEMENTS'!G5 -> 3 | F5: ='LISTING EQUIPEMENTS'!H5 -> 4 | G5: =IF(ISERROR(VLOOKUP('LISTING EQUIPEMENTS'!D5,BDD!D28:AB50,24,FALSE)),"",(VLOOKUP('LISTING EQUIPEMENTS'!D5,BDD!D28:AB50,24,FALSE)))
B6: ='LISTING EQUIPEMENTS'!C7 -> 0 | C6: ='LISTING EQUIPEMENTS'!D7 -> BUREAU | D6: ='LISTING EQUIPEMENTS'!E7 -> 24 | E6: ='LISTING EQUIPEMENTS'!G7 -> 26 | F6: ='LISTING EQUIPEMENTS'!H7 -> 27 | G6: =IF(ISERROR(VLOOKUP('LISTING EQUIPEMENTS'!D7,BDD!D29:AB51,24,FALSE)),"",(VLOOKUP('LISTING EQUIPEMENTS'!D7,BDD!D29:AB51,24,FALSE)))
B7: ='LISTING EQUIPEMENTS'!C8 -> 0 | C7: ='LISTING EQUIPEMENTS'!D8 -> 0 | D7: ='LISTING EQUIPEMENTS'!E8 | E7: ='LISTING EQUIPEMENTS'!G8 -> 0 | F7: ='LISTING EQUIPEMENTS'!H8 | G7: =IF(ISERROR(VLOOKUP('LISTING EQUIPEMENTS'!D8,BDD!D30:AB52,24,FALSE)),"",(VLOOKUP('LISTING EQUIPEMENTS'!D8,BDD!D30:AB52,24,FALSE)))
B8: ='LISTING EQUIPEMENTS'!C9 -> 0 | C8: ='LISTING EQUIPEMENTS'!D9 -> 0 | D8: ='LISTING EQUIPEMENTS'!E9 | E8: ='LISTING EQUIPEMENTS'!G9 -> 0 | F8: ='LISTING EQUIPEMENTS'!H9 | G8: =IF(ISERROR(VLOOKUP('LISTING EQUIPEMENTS'!D9,BDD!D30:AB53,24,FALSE)),"",(VLOOKUP('LISTING EQUIPEMENTS'!D9,BDD!D30:AB53,24,FALSE)))
B9: ='LISTING EQUIPEMENTS'!C10 -> 0 | C9: ='LISTING EQUIPEMENTS'!D10 -> 0 | D9: ='LISTING EQUIPEMENTS'!E10 | E9: ='LISTING EQUIPEMENTS'!G10 -> 0 | F9: ='LISTING EQUIPEMENTS'!H10 | G9: =IF(ISERROR(VLOOKUP('LISTING EQUIPEMENTS'!D10,BDD!D31:AB54,24,FALSE)),"",(VLOOKUP('LISTING EQUIPEMENTS'!D10,BDD!D31:AB54,24,FALSE)))
B10: ='LISTING EQUIPEMENTS'!C11 -> 0 | C10: ='LISTING EQUIPEMENTS'!D11 -> 0 | D10: ='LISTING EQUIPEMENTS'!E11 | E10: ='LISTING EQUIPEMENTS'!G11 -> 0 | F10: ='LISTING EQUIPEMENTS'!H11 | G10: =IF(ISERROR(VLOOKUP('LISTING EQUIPEMENTS'!D11,BDD!D32:AB55,24,FALSE)),"",(VLOOKUP('LISTING EQUIPEMENTS'!D11,BDD!D32:AB55,24,FALSE)))
B11: ='LISTING EQUIPEMENTS'!#REF! -> #REF! | C11: ='LISTING EQUIPEMENTS'!#REF! -> #REF! | D11: ='LISTING EQUIPEMENTS'!#REF! -> #REF! | E11: ='LISTING EQUIPEMENTS'!#REF! -> #REF! | F11: ='LISTING EQUIPEMENTS'!#REF! -> #REF! | G11: =IF(ISERROR(VLOOKUP('LISTING EQUIPEMENTS'!#REF!,BDD!D33:AB56,24,FALSE)),"",(VLOOKUP('LISTING EQUIPEMENTS'!#REF!,BDD!D33:AB56,24,FALSE)))
B12: ='LISTING EQUIPEMENTS'!C12 -> 0 | C12: ='LISTING EQUIPEMENTS'!D12 -> 0 | D12: ='LISTING EQUIPEMENTS'!E12 | E12: ='LISTING EQUIPEMENTS'!G12 -> 0 | F12: ='LISTING EQUIPEMENTS'!H12 | G12: =IF(ISERROR(VLOOKUP('LISTING EQUIPEMENTS'!D12,BDD!D34:AB57,24,FALSE)),"",(VLOOKUP('LISTING EQUIPEMENTS'!D12,BDD!D34:AB57,24,FALSE)))
B13: ='LISTING EQUIPEMENTS'!C13 -> 0 | C13: ='LISTING EQUIPEMENTS'!D13 -> 0 | D13: ='LISTING EQUIPEMENTS'!E13 | E13: ='LISTING EQUIPEMENTS'!G13 -> 0 | F13: ='LISTING EQUIPEMENTS'!H13 | G13: =IF(ISERROR(VLOOKUP('LISTING EQUIPEMENTS'!D13,BDD!D35:AB58,24,FALSE)),"",(VLOOKUP('LISTING EQUIPEMENTS'!D13,BDD!D35:AB58,24,FALSE)))
B14: ='LISTING EQUIPEMENTS'!C14 -> 0 | C14: ='LISTING EQUIPEMENTS'!D14 -> 0 | D14: ='LISTING EQUIPEMENTS'!E14 | E14: ='LISTING EQUIPEMENTS'!G14 -> 0 | F14: ='LISTING EQUIPEMENTS'!H14 | G14: =IF(ISERROR(VLOOKUP('LISTING EQUIPEMENTS'!D14,BDD!D36:AB59,24,FALSE)),"",(VLOOKUP('LISTING EQUIPEMENTS'!D14,BDD!D36:AB59,24,FALSE)))
B15: ='LISTING EQUIPEMENTS'!C15 -> 0 | C15: ='LISTING EQUIPEMENTS'!D15 -> 0 | D15: ='LISTING EQUIPEMENTS'!E15 | E15: ='LISTING EQUIPEMENTS'!G15 -> 0 | F15: ='LISTING EQUIPEMENTS'!H15 | G15: =IF(ISERROR(VLOOKUP('LISTING EQUIPEMENTS'!D15,BDD!D37:AB60,24,FALSE)),"",(VLOOKUP('LISTING EQUIPEMENTS'!D15,BDD!D37:AB60,24,FALSE)))
B16: ='LISTING EQUIPEMENTS'!C16 -> 0 | C16: ='LISTING EQUIPEMENTS'!D16 -> 0 | D16: ='LISTING EQUIPEMENTS'!E16 | E16: ='LISTING EQUIPEMENTS'!G16 -> 0 | F16: ='LISTING EQUIPEMENTS'!H16 | G16: =IF(ISERROR(VLOOKUP('LISTING EQUIPEMENTS'!D16,BDD!D38:AB61,24,FALSE)),"",(VLOOKUP('LISTING EQUIPEMENTS'!D16,BDD!D38:AB61,24,FALSE)))
B17: ='LISTING EQUIPEMENTS'!C17 -> 0 | C17: ='LISTING EQUIPEMENTS'!D17 -> 0 | D17: ='LISTING EQUIPEMENTS'!E17 | E17: ='LISTING EQUIPEMENTS'!G17 -> 0 | F17: ='LISTING EQUIPEMENTS'!H17 | G17: =IF(ISERROR(VLOOKUP('LISTING EQUIPEMENTS'!D17,BDD!D39:AB62,24,FALSE)),"",(VLOOKUP('LISTING EQUIPEMENTS'!D17,BDD!D39:AB62,24,FALSE)))
B18: ='LISTING EQUIPEMENTS'!C18 -> 0 | C18: ='LISTING EQUIPEMENTS'!D18 -> 0 | D18: ='LISTING EQUIPEMENTS'!E18 | E18: ='LISTING EQUIPEMENTS'!G18 -> 0 | F18: ='LISTING EQUIPEMENTS'!H18 | G18: =IF(ISERROR(VLOOKUP('LISTING EQUIPEMENTS'!D18,BDD!D40:AB63,24,FALSE)),"",(VLOOKUP('LISTING EQUIPEMENTS'!D18,BDD!D40:AB63,24,FALSE)))
B19: ='LISTING EQUIPEMENTS'!C19 -> 0 | C19: ='LISTING EQUIPEMENTS'!D19 -> 0 | D19: ='LISTING EQUIPEMENTS'!E19 | E19: ='LISTING EQUIPEMENTS'!G19 -> 0 | F19: ='LISTING EQUIPEMENTS'!H19 | G19: =IF(ISERROR(VLOOKUP('LISTING EQUIPEMENTS'!D19,BDD!D41:AB64,24,FALSE)),"",(VLOOKUP('LISTING EQUIPEMENTS'!D19,BDD!D41:AB64,24,FALSE)))
B20: ='LISTING EQUIPEMENTS'!C20 -> 0 | C20: ='LISTING EQUIPEMENTS'!D20 -> 0 | D20: ='LISTING EQUIPEMENTS'!E20 | E20: ='LISTING EQUIPEMENTS'!G20 -> 0 | F20: ='LISTING EQUIPEMENTS'!H20 | G20: =IF(ISERROR(VLOOKUP('LISTING EQUIPEMENTS'!D20,BDD!D42:AB65,24,FALSE)),"",(VLOOKUP('LISTING EQUIPEMENTS'!D20,BDD!D42:AB65,24,FALSE)))
B21: ='LISTING EQUIPEMENTS'!C21 -> 0 | C21: ='LISTING EQUIPEMENTS'!D21 -> 0 | D21: ='LISTING EQUIPEMENTS'!E21 | E21: ='LISTING EQUIPEMENTS'!G21 -> 0 | F21: ='LISTING EQUIPEMENTS'!H21 | G21: =IF(ISERROR(VLOOKUP('LISTING EQUIPEMENTS'!D21,BDD!D43:AB66,24,FALSE)),"",(VLOOKUP('LISTING EQUIPEMENTS'!D21,BDD!D43:AB66,24,FALSE)))
B22: ='LISTING EQUIPEMENTS'!C22 -> 0 | C22: ='LISTING EQUIPEMENTS'!D22 -> 0 | D22: ='LISTING EQUIPEMENTS'!E22 | E22: ='LISTING EQUIPEMENTS'!G22 -> 0 | F22: ='LISTING EQUIPEMENTS'!H22 | G22: =IF(ISERROR(VLOOKUP('LISTING EQUIPEMENTS'!D22,BDD!D44:AB67,24,FALSE)),"",(VLOOKUP('LISTING EQUIPEMENTS'!D22,BDD!D44:AB67,24,FALSE)))
B23: ='LISTING EQUIPEMENTS'!C23 -> 0 | C23: ='LISTING EQUIPEMENTS'!D23 -> 0 | D23: ='LISTING EQUIPEMENTS'!E23 | E23: ='LISTING EQUIPEMENTS'!G23 -> 0 | F23: ='LISTING EQUIPEMENTS'!H23 | G23: =IF(ISERROR(VLOOKUP('LISTING EQUIPEMENTS'!D23,BDD!D45:AB68,24,FALSE)),"",(VLOOKUP('LISTING EQUIPEMENTS'!D23,BDD!D45:AB68,24,FALSE)))
... B56: ='LISTING EQUIPEMENTS'!C56 -> 0 | C56: ='LISTING EQUIPEMENTS'!D56 -> 0 | D56: ='LISTING EQUIPEMENTS'!E56 | E56: ='LISTING EQUIPEMENTS'!G56 -> 0 | F56: ='LISTING EQUIPEMENTS'!H56 | G56: =IF(ISERROR(VLOOKUP('LISTING EQUIPEMENTS'!D56,BDD!D78:AB101,24,FALSE)),"",(VLOOKUP('LISTING EQUIPEMENTS'!D56,BDD!D78:AB101,24,FALSE)))

Sheet BDD
E1: 2 | F1: 3 | G1: 4 | H1: 5 | I1: 6 | J1: 7 | K1: 8 | L1: 9 | M1: 10 | N1: 11 | O1: 12 | P1: 13 | Q1: 14 | R1: 15 | S1: 16 | T1: 17 | U1: 18 | V1: 19 | W1: 20 | X1: 21 | Y1: 22 | Z1: 23
G2: DIMENSIONS | H2: ELECTRICITE | N2: GAZ | Q2: CANALISATIONS | Y2: Extraction
B3: REP | C3: local | D3: DESIGNATION | E3: NOTA | F3: Qté. | H3: Mono + T | K3: Tri + T+ N | Q3: Eau Froide | T3: Eau Chaude | W3: Eau usée | Y3: Indicative | Z3: PRIX PUBLIC HT | AA3: DESCRIPTIF
G4: INDICATIVES | H4: Unit. KW | I4: Tot. KW | J4: Type | K4: Unit. KW | L4: Tot. KW | M4: Type | N4: Unit. KW | O4: Tot. KW | P4: Type | Q4: Brut. Diam. | R4: Adou. Diam. | S4: Type | T4: Brut Diam. | U4: Adou. Diam. | V4: Type | W4: Diam. | X4: Type | Y4: à prévoir en m3 | Z4: UNITAIRE
C5: local | D5: RÉCEPTION DÉCARTONNAGE
C6: local | D6: BUREAU
C7: local | D7: LOCAL DECHETS
C8: local | D8: LOCAL BIO-DECHETS
C9: local | D9: VESTIARES HOMMES
C10: local | D10: VESTIAIRES FEMMES
C11: local | D11: CIRCULATION SOUILLEE
C12: local | D12: RESERVE SECHE
C13: local | D13: LOCAL ENTRETIEN
C14: local | D14: RÉSERVE LINGE
C15: local | D15: CHAMBRE FROIDE B.O.F
C16: local | D16: CHAMBRE FROIDE FRUITS & LÉGUMES
... C27: local | D27: DISTRIBUTION
D28: Armoire chaude mobile GN1/1 20 niveaux | G28: 528 x 821 x 1844 | H28: 1.27 | J28: P2 | Z28: 5150 | AA28: Température +75 / +80 °C Présentation intérieure et extérieure en acier inoxydable 18-10. Arrière, dessus et dessous en acier traité anti corrosion. Fabrication monocoque. Isolation mousse de polyuréthane injecté épaisseur 60 mm. 1 porte pleine inox sur charnières à pivot avec rappel de porte, maintien porte ouverte, et joint démontable. Poignée tournante avec fermeture à clé. Eclairage intérieur. Intérieur à angles arrondis. Support de grilles amovible. Chauffage par résistances blindées en acier inox. Ventilateur centrifuge et gaine de diffusion d’air. Arrêt de la ventilation à l’ouverture de porte. Tableau de commande comprenant : Interrupteur/voyant marche-arrêt, régulation électronique et thermomètre. 15 grilles inox GN 1/1 renforcées à fournir. 1 paires de glissières au pas de 67 mm. 4 roulettes dont 2 pivotantes diam 160 à chape inox dont 2 avec freins. Butée anti-choc sur le dessus ou les piètements. 2 poignés latérales et 2 poignées arrière. Puissance 2,6 Kw mono 220V+T
D29: Armoire à stéréliser les couteaux | G29: 575 x 170 x 600 | H29: 0.5 | J29: P3 | Z29: 428 | AA29: Construction en acier inoxydable alimentaire. Angle rayonnés, charnières inox, fermeture magnétique. Fond avec arrêtoir et dessus inclinés. Porte plexiglas transparent. Fermeture à clef. Fixation murale. Interruption de l'alimentation du tube UV à l'ouverture de porte. Barre magnétique capacité 10 couteaux. Indice de protection IP24. Minuterie latéral, interrupteur en façade. Alimentation mono 220V+T.
D30: Balance 150kg | G30: 600 x 600 | H30: 0.5 | J30: P2 | Z30: 740 | AA30: Balance murale en acier inox. 2 possibilités de pesage : - Tablier de pesage ( 555 x 440 ) rabattable - Pesage sur crochet des pièces de viandes. Indicateur mural a affichage digital Tarage, prise pour imprimante. Alimentation mono 220 V+T Hauteur totale de l'ensemble : 850 mm
D31: Balance 6kg | G31: 235 x 240 x 80 | H31: 0.5 | J31: P2 | Z31: 420 | AA31: Pesage tout électronique. Carrosserie et plateau tout inox. Indice de protection : IP 67 Précision minimum : 1 grammes. Fonction pesage-tarage 20 mémoires. Plateau 250x157 mm minimum. Utilisation de -10°C à 40°C. Affichage digital. Fonctionnement autonome par batterie rechargable. Livrée avec chargeur. Equipement : 1 housse de protection
D32: Casiers à batterie 600 mm | G32: 1600 x 600 x 2100 | Z32: 1479
D33: Container à déchets 240l | E33: LOT PRESTATAIRE | F33: 1 | G33: 1400 x 900 x 1200 | AA33: LOT PRESTATAIRE
D34: Chariot à gastronormes 1/1 20 niveaux | G34: 655 x 455 x 1785 | Z34: 470 | AA34: Chariot à glissières entièrement construit en acier inoxydable 18-10, lavable au jet haute pression. Châssis en tube carré de 25 x 25 mm ou rond. Glissières profilé en L d'acier inox pliée, au pas de 77 mm avec butées d'extrémités. Assemblage par coins en aluminium moulé avec revêtement Epoxy. Butoirs de protection en caoutchouc non marquant. 4 roues caoutchoutées chape inox orientables diam. 125 mm dont 2 avec frein. Chape polyamide, axe et roulement à billes inox
D35: Caniveau de sol 1 | E35: Fourniture seule | G35: 500 x 500 | W35: DN40 | X35: V1 | Z35: 767 | AA35: Entièrement en acier inoxydable 18-10. Cuvette emboutie avec platine d'étanchéité, pâtes de scellement, siphon à cloche amovible et sortie, diamètre 100 mm. Ecoulement minimum : 4 L/seconde. Caillebotis en acier inoxydable 18-8 cranté anti-dérapent. Mailles comprises entre 20 x 20 et 30 x 30. Charge statique admissible : 750 kg. NOTA : Hors pose et raccordement.
D36: Caniveau de sol 2 | E36: Fourniture seule | G36: 1000 x 500 | W36: DN40 | X36: V | Z36: 767 | AA36: Entièrement en acier inoxydable 18-10. Cuvette emboutie avec platine d'étanchéité, pâtes de scellement, siphon à cloche amovible et sortie, diamètre 100 mm. Ecoulement minimum : 4 L/seconde. Caillebotis en acier inoxydable 18-8 cranté anti-dérapent. Mailles comprises entre 20 x 20 et 30 x 30. Charge statique admissible : 750 kg. NOTA : Hors pose et raccordement.
D37: Caniveau de sol à gorge à sortie horizontale | E37: Fourniture seule | G37: 1400 x 200 | W37: DN100 | X37: V1 | Z37: 1073 | AA37: Entièrement en acier inoxydable 18-10. Cuvette emboutie avec platine d'étanchéité, pâtes de scellement, siphon à cloche amovible et sortie, diamètre 100 mm. Ecoulement minimum : 4 L/seconde. Caillebotis en acier inoxydable 18-8 cranté anti-dérapent. Mailles comprises entre 20 x 20 et 30 x 30. Charge statique admissible : 750 kg. NOTA : Hors pose et raccordement.
D38: Canniveau de sol à sortie horizontale | E38: Fourniture seule | G38: 400 x 400 | W38: DN100 | X38: V1 | Z38: 604 | AA38: Entièrement en acier inoxydable 18-10. Cuvette emboutie avec platine d'étanchéité, pâtes de scellement, siphon à cloche amovible et sortie, diamètre 100 mm. Ecoulement minimum : 4 L/seconde. Caillebotis en acier inoxydable 18-8 cranté anti-dérapent. Mailles comprises entre 20 x 20 et 30 x 30. Charge statique admissible : 750 kg. NOTA : Hors pose et raccordement.
D39: Désinsectiseur mural | G39: 615 x 95 x 240 | H39: 0.5 | J39: P3 | Z39: 244 | AA39: Appareil mural destiné à équiper des locaux à éclairage normal. Fabrication en acier inox alimentaire. Grille de protection en fil d'acier inox. Grille haute tension intérieure en acier inox. Bac de récupération acier inox. Source actinique : 1 x 40 W. Surface protégée: 50 m². Alimentation mono 220 V+T. Asservissement par interrupteur (hors lot).
D40: Four mixte 20 niveaux GN 1/1 avec chariot d'enfournement et programmation HACCP | G40: 975 x 935 x 1830 | K40: 41.3 | M40: CS | R40: 20/27 | S40: R2 | U40: 20/27 | V40: R2 | W40: DN80 | X40: V | Z40: 21840 | AA40: Fabrication intérieur et extérieur en acier inox Chargement possible en GN 1/1, 1/2, 2/3 et 2/8 9 modes de cuisson Fonctions mixte à 3 modes Chaleur humide de 30 à 130°C Chaleur sèche de 30 à 300°C Chaleur combinée de 30 à 300°C Sonde à 6 points de mesure pour piloter la température à cœur avec positionneur Mesure et régulation permanente de l'humidité Vapeur à 100 °C Air chaud de 30 à 300 °C Mixte de 30 à 300°C Basse température vapeur de 30 à 99°C Fonction humidification en chaleur sèche ou combinée de 30 à 260 °C Fonction humidification étendue avec taux d’humidité réglable Fonction finitions Système de nettoyage et d’entretien automatique Programme de détartrage piloté par menu 5 vitesses de ventilation, programmable Fonctionnement possible en ½ énergie Descente en température rapide de l’enceinte de cuisson 350 programmes mémorisables, à 12 phases Régulation des fonctions sonores et contrast de l’afficheur Unité de programmation paramétrable en °C ou °F Vidange et rinçage automatiques du générateur à vapeur et indication d’entartrage Condenseur de buées Nettoyage automatique de l’enceinte de cuisson et programme de nettoyage manuel Autodiagnostic des fonctions avec affichage des résultats Cuisson Delta T° et possibilité de démarrage de cuisson différé, date et heure réglables Afficheur et commandes: Écran tactile à symboles clairs Affichage en texte clair pour toutes les cuissons Molette de sélection rapide avec fonction « pousser » pour valider les entrées Affichage numérique de la température Minuterie numérique de 0 à 24 heures à affichage permanent Sonde de pilotage des températures à coeur avec 6 points de mesure Générateur de vapeur haute performance à remplissage automatique Régulateur et doseur d’énergie en fonction des besoins de l’appareil Thermostat de sécurité pour générateur de vapeur et air chaud Douchette intégrée avec retour automatique, fonction d’arrêt de l’eau intégrée et réglage en continu du dosage du jet Enceinte de cuisson à circulation d’air optimisée, vitesse réglable et réversible Déflecteur pivotant à fermeture rapide, frein de turbine de ventilation Séparation centrifuge des graisses, sans filtre supplémentaire Porte à double vitrage rétroventilé et vitre intérieure pivotante Sécurité d’ouverture de porte et possibilité de blocage à 120 ou 180° Joint de porte clipsé et démontable sans outil Enceinte hygiénique polie miroir, à angles arrondis, soudures sans raccords Eclairage intérieur halogène avec hublot vitrocéramique Accessibilité aux organes techniques en façade Glissières en U avec butée de sécurité Exportation des données via port USB Chariot d'enfournement monobloc à double verrouillage des bacs, ramasse gouttes intégré avec vidage, 4 roues doubles,directrices, diamètre 125 mm, 2 à frein intégral, guide d’introduction Fonction préchauffage du four sans chariot sans perte de buée Fermeture de porte sécurisée à 2 étapes Conforme aux normes CE Indice de protection IPX5 Alimentation électrique Tri 400V+N+T Puissance 37 KW
D41: Lave-mains avec dosseret avec distributeur de savon, d'essuie-mains et corbeille | G41: 440 x 335 x 985 | Q41: 15/21 | S41: R2 | T41: 15/21 | V41: R2 | W41: DN40 | X41: V | Z41: 465 | AA41: Construction en acier inoxydable alimentaire. Cuve arrondie 350 x 275 Prof. 80 mm. Siphon avec bouchon de vidange Robinet fixe, déclenchement par commande fémorale. Mitigeur thermostatique avec clapet anti-retour réglable par une vis sur le coté du robinet. Distributeur de savon liquide intégré sur le dessus du lave-mains. Retour arrière avec trous de fixation murale Distributeur d'essuie-mains à usage unique. Poubelle amovible en résine fixée sous le lave-mains. Support pour brosse à ongles sur le dosseret.
D42: Meuble bas de rangement à portes coulissantes avec dosseret | G42: 1600 x 700 x 900 | Z42: 1977
D43: Plonge batterie avec bac 760 x 600 x 450, douchette et col de cygne | G43: 2400 x 700 x 900 | Q43: 20/27 | S43: R2 | T43: 20/27 | V43: R2 | W43: DN50 | X43: V | Z43: 3360 | AA43: Construction en acier inoxydable 18-10. Raidisseur du plan supérieur par doublage en panneau stratifié double face totalement étanche. Bords anti-ruissellement. 2 Egouttoirs nervurés pentés. 2 Bacs de 600 x 500 x 300, avec bonde, tube surverse, crépine autocentrée. Douchette mélangeuse et robinet mono trou 15 /21. Col de cygne orientable. Siphons en laiton avec bouchon de vidange. Bords tombés de 40 mm avec retour de 15 mm sur côtés visibles et dosseret de 100 mm sur côtés adossés rayonnés. 4 piétements en tube rond, traverses arrière et sur les côtés, vérins réglables en Matériaux de synthèse (espace arrière pour le passage des tuyauteries)
D44: Poste de lavage | E44: HORS LOT | F44: 1 | G44: 260 x 110 x 390 | Q44: 15/21 | S44: R4 | T44: 15/21 | V44: R4 | AA44: HORS LOT
D45: Placard mural à portes coulissantes avec coiffe inclinée | G45: 1800 x 400 x 600 | Z45: 1076 | AA45: Construction en acier inoxydable 18-10. Raidisseur du plan supérieur par doublage en panneau stratifié double face totalement étanche. Bords tombés de 40 mm avec retour de 15 mm sur côtés visibles et dosseret de 100 mm sur côtés adossés rayonnés. 1 étagère basse et 1 intermédiaire réglable en hauteur. 2 portes battantes doublées.
D46: Porte sac à déchets à pince | G46: 450 x 535 | Z46: 244 | AA46: Hauteur: +/- 900 Construction en acier inoxydable 18-10 tubulaire cintré Cadre supérieur avec système de fixation pour sacs de 75 litres. 2 roulettes pivotantes diam. 75. 2 pieds fixes.
D47: Rayonnage à clayette 4 niveaux largeur 500mm | G47: selon plan | Z47: 384 | AA47: Nombre de niveaux : 4 Rayonnage modulaire à clayettes amovibles qualité alimentaire, comprenant : 1 structure DURALINOX composée de montants avec pieds avec vérin et de traverses réglables en hauteur, De clayettes DURALINOX ajourées amovibles. Charge admissible : 150 kg/m/niveau
D48: Siphon de sol à sortie horizontale | G48: 200 x 200 | W48: DN80 | X48: V1 | Z48: 345 | AA48: Entièrement en acier inoxydable 18-10. Cuvette emboutie avec platine d'étanchéité, pâtes de scellement, siphon à cloche amovible et sortie, diamètre 100 mm. Ecoulement minimum : 2 L/seconde. Caillebotis en acier inoxydable 18-8 , antidérapant Mailles comprises entre 20 x 20 et 30 x 30. Charge statique admissible : 750 kg. NOTA : Hors pose et raccordement.
D49: Table du chef avec bac 400 x 400 | G49: 1400 x 700 x 900 | Q49: 15/21 | S49: R2 | T49: 15/21 | V49: R2 | W49: DN40 | X49: V | Z49: 1119 | AA49: Construction en acier inoxydable 18-10, épaisseur 15/10e. Raidisseur du plan supérieur par doublage en panneau stratifié double face totalement étanche. Bac de 400 x 400 x 250, avec bonde, tube surverse, crépine autocentrée. Robinet mélangeur mono trou 15 /21. Col de cygne orientable. Siphon en laiton avec bouchon de vidange. Bords tombés de 40 mm avec retour de 15 mm sur côtés visibles et dosseret de 100 mm sur côtés adossés rayonnés. 4 piétements en tube rond, vérins réglables en Matériaux de synthèse (espace arrière pour le passage des tuyauteries). Etagère basse avec bords tombés avec retour sur tout le périmètre
D50: Table mobile de travail | G50: 1400 x 600 x 900 | Z50: 594
